Workbook

Sheet PROPONENTES
A6: SECRETARÍA DE GESTIÓN Y CONTROL TERRITORIAL
A8: SELECCIÓN ABREVIADA DE MENOR CUANTÍA No. 9015314
A10: "Construir obras complementarias del alcantarillado de la centralidad del corregimiento San Sebastián de Palmitas" | L10: =A10 -> "Construir obras complementarias del alcantarillado de la centralidad del corregimiento San Sebastián de Palmitas"
A12: PROPONENTES
B14: PROPONENTE | C14: NIT
A16: 1 | B16: C.T. 2 CONSTRUCCIONES S.A.S
A17: 2 | B17: CONSORCIO OBRAS MC (COINAR - CONSULTORES INGENIEROS Y ARQUITECTOS LTDA (70%) y MATMAR CONSTRUCCIONES S.A.S. (30%))
A18: 3 | B18: MEGACONSTRUCCIONES Y EQUIPOS S.A.S
A19: 4 | B19: EMPRESA ASOCIATIVA DE TRABAJO UNIDOS AL FUTURO
A20: 5 | B20: DYA INGENIERIA SAS
A21: 6 | B21: ESTORAQUES 20 SAS

Sheet formulario 4
A6: SECRETARÍA DE INFRAESTRUCTURA FÍSICA
A8: Formulario No. 4
A9: INFORMACIÓN SOBRE MULTAS Y SANCIONES
A11: No. | B11: CONTRATO | C11: RESOLUCION MULTA | D11: FECHA EJECUTORIADA LA MULTA | E11: RESOLUCION SANCIÓN | F11: FECHA EJECUTORIADA LA SANCIÓN
A27: Nombre del Proponente: | E27: Firma

Sheet formulario 5
A6: SECRETARÍA DE INFRAESTRUCTURA FÍSICA
A8: Formulario No. 5
A9: ANÁLISIS DE PRECIOS UNITARIOS
A11: PROPONENTE: | D11: PROYECTO U OBRA:
A13: DESCRIPCION DEL ÍTEM: | F13: UNIDAD:
F14: FECHA:
A16: I. EQUIPO
A17: Descripción | C17: Tipo | D17: Tarifa/Hora | E17: Rendimiento | F17: Valor Unit. | G17: Valor Parcial
F22: Sub-Total
A23: II. MATERIALES EN OBRA
A24: Descripción | C24: Unidad | D24: Precio Unit. | E24: Cantidad | F24: Valor Unit. | G24: Valor Parcial
F29: Sub-Total
A30: III. TRANSPORTES
A31: Material | B31: Vol., peso o cant. | C31: Distancia | D31: m3-km | E31: Tarifa | F31: Valor Unit. | G31: Valor Parcial
F36: Sub-Total
A37: IV. MANO DE OBRA
A38: Trabajador | B38: Jornal | C38: Prestaciones | D38: Jornal Total | E38: Rendimiento | F38: Valor Unit. | G38: Valor Parcial
F43: Sub-Total
D45: Total Costo Directo
A46: V. COSTOS INDIRECTOS
A47: Descripción | E47: Porcentaje | F47: Valor Total | G47: Valor Parcial
F52: Sub-Total
B54: PRECIO UNITARIO TOTAL (aproximado al peso)

Sheet Formulario 1
A6: =+PROPONENTES!A6 -> SECRETARÍA DE GESTIÓN Y CONTROL TERRITORIAL
A7: =PROPONENTES!A8:C8 -> SELECCIÓN ABREVIADA DE MENOR CUANTÍA No. 9015314 | H7: =IF(I124="","",ABS(I7/I124)) -> 2.3772101e-10 | I7: =IF(I124="","",I124-I117) -> -0.12099999 | K7: =IF(L124="","",ABS(L7/L124)) -> 0 | L7: =IF(L124="","",L124-L117) -> 0 | N7: =IF(O124="","",ABS(O7/O124)) -> 0 | O7: =IF(O124="","",O124-O117) -> 0 | Q7: =IF(R124="","",ABS(R7/R124)) -> 3.5981951e-10 | R7: =IF(R124="","",R124-R117) -> 0.18000001 | T7: =IF(U124="","",ABS(U7/U124)) -> 4.2820738e-10 | U7: =IF(U124="","",U124-U117) -> 0.21000004 | W7: =IF(X124="","",ABS(X7/X124)) -> 0.32896859 | X7: =IF(X124="","",X124-X117) -> 1.5946521e+08
A9: =PROPONENTES!A10:C10 -> "Construir obras complementarias del alcantarillado de la centralidad del corregimiento San Sebastián de Palmitas" | G9: =LOOKUP(I11,PROPONENTES!$A:$A,PROPONENTES!$B:$B) -> C.T. 2 CONSTRUCCIONES S.A.S | J9: =LOOKUP(L11,PROPONENTES!$A:$A,PROPONENTES!$B:$B) -> CONSORCIO OBRAS MC (COINAR - CONSULTORES INGENIEROS Y ARQUITECTOS LTDA (70%) y MATMAR CONSTRUCCIONES S.A.S. (30%)) | M9: =LOOKUP(O11,PROPONENTES!$A:$A,PROPONENTES!$B:$B) -> MEGACONSTRUCCIONES Y EQUIPOS S.A.S | P9: =LOOKUP(R11,PROPONENTES!$A:$A,PROPONENTES!$B:$B) -> EMPRESA ASOCIATIVA DE TRABAJO UNIDOS AL FUTURO | S9: =LOOKUP(U11,PROPONENTES!$A:$A,PROPONENTES!$B:$B) -> DYA INGENIERIA SAS | V9: =LOOKUP(X11,PROPONENTES!$A:$A,PROPONENTES!$B:$B) -> ESTORAQUES 20 SAS
A10: Formulario No. 3
A11: CANTIDADES DE OBRA Y PRECIOS UNITARIOS | I11: 1 | L11: =+I11+1 -> 2 | O11: =+L11+1 -> 3 | R11: =+O11+1 -> 4 | U11: =+R11+1 -> 5 | X11: =+U11+1 -> 6
A12: ÍTEM DE PAGO | B12: DESCRIPCIÓN | C12: UND. | D12: CANTIDAD | E12: VALOR UNITARIO | F12: Vr. total | G12: Cant | H12: Vr. Unitario | I12: Vr. total | J12: Cant | K12: Vr. Unitario | L12: Vr. total | M12: Cant | N12: Vr. Unitario | O12: Vr. total | P12: Cant | Q12: Vr. Unitario | R12: Vr. total | S12: Cant | T12: Vr. Unitario | U12: Vr. total | V12: Cant | W12: Vr. Unitario | X12: Vr. total
B13: TRAMO CÁMARAS C209 - C210 | F13: =SUBTOTAL(9,F14:F67) -> 46782740 | I13: =SUBTOTAL(9,I14:I67) -> 45613175 | L13: =SUBTOTAL(9,L14:L67) -> 44962469 | O13: =SUBTOTAL(9,O14:O67) -> 45300642 | R13: =SUBTOTAL(9,R14:R67) -> 42710086 | U13: =SUBTOTAL(9,U14:U67) -> 45776830 | X13: =SUBTOTAL(9,X14:X67) -> 43743212
A14: 1 | B14: ACTIVIDADES PRELIMINARES | F14: =SUBTOTAL(9,F15:F20) -> 8559195 | I14: =SUBTOTAL(9,I15:I20) -> 8345215 | L14: =SUBTOTAL(9,L15:L20) -> 8226267 | O14: =SUBTOTAL(9,O15:O20) -> 8263737 | R14: =SUBTOTAL(9,R15:R20) -> 7476145 | U14: =SUBTOTAL(9,U15:U20) -> 8305580 | X14: =SUBTOTAL(9,X15:X20) -> 7756502
A15: 1.1 | B15: Localización y Replanteo | F15: =SUBTOTAL(9,F16:F16) -> 7734040 | I15: =SUBTOTAL(9,I16:I16) -> 7540689 | L15: =SUBTOTAL(9,L16:L16) -> 7433190 | O15: =SUBTOTAL(9,O16:O16) -> 7463340 | R15: =SUBTOTAL(9,R16:R16) -> 6734040 | U15: =SUBTOTAL(9,U16:U16) -> 7500000 | X15: =SUBTOTAL(9,X16:X16) -> 7000000
A16: 1.1.1 | B16: LOCALIZACIÓN, TRAZADO Y REPLANTEO. Se utilizará personal experto con equipo de precisión. Se hará con la frecuencia que lo indique la interventoría. Incluye demarcación con pintura, línea de trazado, corte de piso, libretas y planos. | C16: Dia | D16: 10 | E16: 773404 | F16: =IFERROR(ROUND(E16*D16,0),"") -> 7734040 | G16: 10 | H16: 754068.9 | I16: =IFERROR(ROUND(H16*G16,0),"") -> 7540689 | J16: 10 | K16: 743319 | L16: =IFERROR(ROUND(K16*J16,0),"") -> 7433190 | M16: 10 | N16: 746334 | O16: =IFERROR(ROUND(N16*M16,0),"") -> 7463340 | P16: 10 | Q16: 673404 | R16: =IFERROR(ROUND(Q16*P16,0),"") -> 6734040 | S16: 10 | T16: 750000 | U16: =IFERROR(ROUND(T16*S16,0),"") -> 7500000 | V16: 10 | W16: 700000 | X16: =IFERROR(ROUND(W16*V16,0),"") -> 7000000
A17: 1.2 | B17: Desmonte y Limpieza | F17: =SUBTOTAL(9,F18:F18) -> 683751 | H17: 0 | I17: =SUBTOTAL(9,I18:I18) -> 666657 | L17: =SUBTOTAL(9,L18:L18) -> 657175 | O17: =SUBTOTAL(9,O18:O18) -> 663237 | R17: =SUBTOTAL(9,R18:R18) -> 600701 | U17: =SUBTOTAL(9,U18:U18) -> 664400 | X17: =SUBTOTAL(9,X18:X18) -> 622875
A18: 1.2.1 | B18: DESMONTE, DESCAPOTE Y LIMPIEZA a mano, e=0.15m. Incluye cargue, transporte interno y botada de escombros material vegetal. Su medida será en sitio. | C18: m2 | D18: 83.05 | E18: 8233 | F18: =IFERROR(ROUND(E18*D18,0),"") -> 683751 | G18: 83.05 | H18: 8027.175 | I18: =IFERROR(ROUND(H18*G18,0),"") -> 666657 | J18: 83.05 | K18: 7913 | L18: =IFERROR(ROUND(K18*J18,0),"") -> 657175 | M18: 83.05 | N18: 7986 | O18: =IFERROR(ROUND(N18*M18,0),"") -> 663237 | P18: 83.05 | Q18: 7233 | R18: =IFERROR(ROUND(Q18*P18,0),"") -> 600701 | S18: 83.05 | T18: 8000 | U18: =IFERROR(ROUND(T18*S18,0),"") -> 664400 | V18: 83.05 | W18: 7500 | X18: =IFERROR(ROUND(W18*V18,0),"") -> 622875
A19: 1.3 | B19: Demoliciones | F19: =SUBTOTAL(9,F20:F20) -> 141404 | H19: 53026.35 | I19: =SUBTOTAL(9,I20:I20) -> 137869 | L19: =SUBTOTAL(9,L20:L20) -> 135902 | O19: =SUBTOTAL(9,O20:O20) -> 137160 | R19: =SUBTOTAL(9,R20:R20) -> 141404 | U19: =SUBTOTAL(9,U20:U20) -> 141180 | X19: =SUBTOTAL(9,X20:X20) -> 133627
A20: 1.3.1 | B20: DEMOLICIÓN PAVIMENTO ASFÁLTICO (para brecha), cargue, transporte y botada de escombros, HASTA ESPESOR DE 4". Incluye corte con máquina de disco según trazado y compresor neumático con martillo, además recuperación de los materiales aprovechables o su transporte hasta el sitio que lo indique la interventoría. | C20: m2 | D20: 2.6 | E20: 54386 | F20: =IFERROR(ROUND(E20*D20,0),"") -> 141404 | G20: 2.6 | H20: 53026.35 | I20: =IFERROR(ROUND(H20*G20,0),"") -> 137869 | J20: 2.6 | K20: 52270 | L20: =IFERROR(ROUND(K20*J20,0),"") -> 135902 | M20: 2.6 | N20: 52754 | O20: =IFERROR(ROUND(N20*M20,0),"") -> 137160 | P20: 2.6 | Q20: 54386 | R20: =IFERROR(ROUND(Q20*P20,0),"") -> 141404 | S20: 2.6 | T20: 54300 | U20: =IFERROR(ROUND(T20*S20,0),"") -> 141180 | V20: 2.6 | W20: 51395 | X20: =IFERROR(ROUND(W20*V20,0),"") -> 133627
A21: 2 | B21: MOVIMIENTOS DE TIERRA | F21: =SUBTOTAL(9,F22:F33) -> 16978370 | H21: 0 | I21: =SUBTOTAL(9,I22:I33) -> 16553911 | L21: =SUBTOTAL(9,L22:L33) -> 16317667 | O21: =SUBTOTAL(9,O22:O33) -> 16414251 | R21: =SUBTOTAL(9,R22:R33) -> 14863930 | U21: =SUBTOTAL(9,U22:U33) -> 16713850 | X21: =SUBTOTAL(9,X22:X33) -> 15965491
A22: 2.1 | B22: Excavaciones | F22: =SUBTOTAL(9,F23:F25) -> 791100 | H22: 0 | I22: =SUBTOTAL(9,I23:I25) -> 771323 | L22: =SUBTOTAL(9,L23:L25) -> 760322 | O22: =SUBTOTAL(9,O23:O25) -> 763931 | R22: =SUBTOTAL(9,R23:R25) -> 583560 | U22: =SUBTOTAL(9,U23:U25) -> 776330 | X22: =SUBTOTAL(9,X23:X25) -> 743638
A23: 2.1.1 | B23: EXCAVACIÓN MECÁNICA Y/O MANUAL de material heterogéneo, bajo cualquier grado de humedad. Incluye: roca descompuesta, bolas de roca de volumen inferior a 0.35 m³., el cargue, transporte interno y botada de material proveniente de las excavaciones en los sitios donde lo indique la interventoría y su medida será en el sitio. No incluye entibado. | H23: 0
A24: 2.1.1.1 | B24: EXCAVACIÓN MECÁNICA y/o MANUAL de material heterogéneo DE 0.00 - 2.00 m | C24: m3 | D24: 23.06 | E24: 29636 | F24: =IFERROR(ROUND(E24*D24,0),"") -> 683406 | G24: 23.06 | H24: 28895.1 | I24: =IFERROR(ROUND(H24*G24,0),"") -> 666321 | J24: 23.06 | K24: 28483 | L24: =IFERROR(ROUND(K24*J24,0),"") -> 656818 | M24: 23.06 | N24: 28598 | O24: =IFERROR(ROUND(N24*M24,0),"") -> 659470 | P24: 23.06 | Q24: 20636 | R24: =IFERROR(ROUND(Q24*P24,0),"") -> 475866 | S24: 23.06 | T24: 29000 | U24: =IFERROR(ROUND(T24*S24,0),"") -> 668740 | V24: 23.06 | W24: 27858 | X24: =IFERROR(ROUND(W24*V24,0),"") -> 642405
A25: 2.1.1.2 | B25: EXCAVACIÓN MECÁNICA y/o MANUAL de material heterogéneo DE 2.00 - 4.00 m | C25: m3 | D25: 2.9 | E25: 37136 | F25: =IFERROR(ROUND(E25*D25,0),"") -> 107694 | G25: 2.9 | H25: 36207.6 | I25: =IFERROR(ROUND(H25*G25,0),"") -> 105002 | J25: 2.9 | K25: 35691 | L25: =IFERROR(ROUND(K25*J25,0),"") -> 103504 | M25: 2.9 | N25: 36021 | O25: =IFERROR(ROUND(N25*M25,0),"") -> 104461 | P25: 2.9 | Q25: 37136 | R25: =IFERROR(ROUND(Q25*P25,0),"") -> 107694 | S25: 2.9 | T25: 37100 | U25: =IFERROR(ROUND(T25*S25,0),"") -> 107590 | V25: 2.9 | W25: 34908 | X25: =IFERROR(ROUND(W25*V25,0),"") -> 101233
A26: 2.2 | B26: Entibado | F26: =SUBTOTAL(9,F27:F27) -> 1327001 | H26: 0 | I26: =SUBTOTAL(9,I27:I27) -> 1293826 | L26: =SUBTOTAL(9,L27:L27) -> 1275381 | O26: =SUBTOTAL(9,O27:O27) -> 1287169 | R26: =SUBTOTAL(9,R27:R27) -> 1327001 | U26: =SUBTOTAL(9,U27:U27) -> 1314600 | X26: =SUBTOTAL(9,X27:X27) -> 1228143
A27: 2.2.1 | B27: Construcción de ENTIBADO TEMPORAL en tablón de madera (6 usos), bajo cualquier altura y grado de humedad. Incluye suministro, transporte y colocación de elementos en madera, el cargue, transporte interno y externo y botada de material sobrantes en los sitios donde lo indique la interventoría y su medida será en el sitio, su forma de pago se hará por el área que se encuentre en contacto con la tierra. | C27: m2 | D27: 43.82 | E27: 30283 | F27: =IFERROR(ROUND(E27*D27,0),"") -> 1327001 | G27: 43.82 | H27: 29525.925 | I27: =IFERROR(ROUND(H27*G27,0),"") -> 1293826 | J27: 43.82 | K27: 29105 | L27: =IFERROR(ROUND(K27*J27,0),"") -> 1275381 | M27: 43.82 | N27: 29374 | O27: =IFERROR(ROUND(N27*M27,0),"") -> 1287169 | P27: 43.82 | Q27: 30283 | R27: =IFERROR(ROUND(Q27*P27,0),"") -> 1327001 | S27: 43.82 | T27: 30000 | U27: =IFERROR(ROUND(T27*S27,0),"") -> 1314600 | V27: 43.82 | W27: 28027 | X27: =IFERROR(ROUND(W27*V27,0),"") -> 1228143
A28: 2.3 | B28: Llenos | F28: =SUBTOTAL(9,F29:F31) -> 11167692 | H28: 0 | I28: =SUBTOTAL(9,I29:I31) -> 10888499 | L28: =SUBTOTAL(9,L29:L31) -> 10733283 | O28: =SUBTOTAL(9,O29:O31) -> 10781612 | R28: =SUBTOTAL(9,R29:R31) -> 10393832 | U28: =SUBTOTAL(9,U29:U31) -> 10940540 | X28: =SUBTOTAL(9,X29:X31) -> 10536805
A29: 2.3.1 | B29: Lleno y apisonado de zanjas y apiques con material selecto de la excavación, densidad de compactación >=95% de la obtenida en el ensayo del Proctor modificado. Incluye: selección, acarreo interno y la compactación de esta. Y su medida será en sitio ya compactado. | C29: m3 | D29: 4.75 | E29: 47579 | F29: =IFERROR(ROUND(E29*D29,0),"") -> 226000 | G29: 4.75 | H29: 46389.525 | I29: =IFERROR(ROUND(H29*G29,0),"") -> 220350 | J29: 4.75 | K29: 45728 | L29: =IFERROR(ROUND(K29*J29,0),"") -> 217208 | M29: 4.75 | N29: 46151 | O29: =IFERROR(ROUND(N29*M29,0),"") -> 219217 | P29: 4.75 | Q29: 40579 | R29: =IFERROR(ROUND(Q29*P29,0),"") -> 192750 | S29: 4.75 | T29: 47000 | U29: =IFERROR(ROUND(T29*S29,0),"") -> 223250 | V29: 4.75 | W29: 44248 | X29: =IFERROR(ROUND(W29*V29,0),"") -> 210178
A30: 2.3.2 | B30: LLENOS EN ARENILLA, compactados mecánicamente hasta obtener una densidad del 98% de la máxima obtenida en el ensayo del próctor modificado. Incluye: el suministro, transporte, colocación de la arenilla, la compactación de la misma y transporte interno. Y su medida será en sitio ya compactado. | C30: m3 | D30: 53.37 | E30: 191086 | F30: =IFERROR(ROUND(E30*D30,0),"") -> 10198260 | G30: 53.37 | H30: 186308.85 | I30: =IFERROR(ROUND(H30*G30,0),"") -> 9943303 | J30: 53.37 | K30: 183653 | L30: =IFERROR(ROUND(K30*J30,0),"") -> 9801561 | M30: 53.37 | N30: 184397 | O30: =IFERROR(ROUND(N30*M30,0),"") -> 9841268 | P30: 53.37 | Q30: 178086 | R30: =IFERROR(ROUND(Q30*P30,0),"") -> 9504450 | S30: 53.37 | T30: 187000 | U30: =IFERROR(ROUND(T30*S30,0),"") -> 9980190 | V30: 53.37 | W30: 180557 | X30: =IFERROR(ROUND(W30*V30,0),"") -> 9636327
A31: 2.3.3 | B31: Colocación de MATERIAL GRANULAR limpio de 3/4" a 1½" para filtros, camas de triturado, reemplazos de suelo o la aplicación para la cual sea necesario. Incluye el suministro y transporte interno y externo del material y todo lo necesario para su correcta instalación según diseño y especificaciones de la interventoría. Su medida será en sitio. | C31: m3 | D31: 4.68 | E31: 158853 | F31: =IFERROR(ROUND(E31*D31,0),"") -> 743432 | G31: 4.68 | H31: 154881.67 | I31: =IFERROR(ROUND(H31*G31,0),"") -> 724846 | J31: 4.68 | K31: 152674 | L31: =IFERROR(ROUND(K31*J31,0),"") -> 714514 | M31: 4.68 | N31: 154087 | O31: =IFERROR(ROUND(N31*M31,0),"") -> 721127 | P31: 4.68 | Q31: 148853 | R31: =IFERROR(ROUND(Q31*P31,0),"") -> 696632 | S31: 4.68 | T31: 157500 | U31: =IFERROR(ROUND(T31*S31,0),"") -> 737100 | V31: 4.68 | W31: 147500 | X31: =IFERROR(ROUND(W31*V31,0),"") -> 690300
A32: 2.4 | B32: Transporte | F32: =SUBTOTAL(9,F33:F33) -> 3692577 | H32: 0 | I32: =SUBTOTAL(9,I33:I33) -> 3600263 | L32: =SUBTOTAL(9,L33:L33) -> 3548681 | O32: =SUBTOTAL(9,O33:O33) -> 3581539 | R32: =SUBTOTAL(9,R33:R33) -> 2559537 | U32: =SUBTOTAL(9,U33:U33) -> 3682380 | X32: =SUBTOTAL(9,X33:X33) -> 3456905
A33: 2.4.1 | B33: Cargue, retiro y disposición final de material excedente a sitio autorizado. | C33: m3 - km | D33: 1133.04 | E33: 3259 | F33: =IFERROR(ROUND(E33*D33,0),"") -> 3692577 | G33: 1133.04 | H33: 3177.525 | I33: =IFERROR(ROUND(H33*G33,0),"") -> 3600263 | J33: 1133.04 | K33: 3132 | L33: =IFERROR(ROUND(K33*J33,0),"") -> 3548681 | M33: 1133.04 | N33: 3161 | O33: =IFERROR(ROUND(N33*M33,0),"") -> 3581539 | P33: 1133.04 | Q33: 2259 | R33: =IFERROR(ROUND(Q33*P33,0),"") -> 2559537 | S33: 1133.04 | T33: 3250 | U33: =IFERROR(ROUND(T33*S33,0),"") -> 3682380 | V33: 1133.04 | W33: 3051 | X33: =IFERROR(ROUND(W33*V33,0),"") -> 3456905
A34: 3 | B34: TERRAPLÉN | F34: =SUBTOTAL(9,F35:F40) -> 12337360 | H34: 0 | I34: =SUBTOTAL(9,I35:I40) -> 12028926 | L34: =SUBTOTAL(9,L35:L40) -> 11857353 | O34: =SUBTOTAL(9,O35:O40) -> 11893646 | R34: =SUBTOTAL(9,R35:R40) -> 11858196 | U34: =SUBTOTAL(9,U35:U40) -> 12152920 | X34: =SUBTOTAL(9,X35:X40) -> 11656966
A35: 3.1 | B35: Concretos | F35: =SUBTOTAL(9,F36) -> 8665121 | H35: 0 | I35: =SUBTOTAL(9,I36) -> 8448493 | L35: =SUBTOTAL(9,L36) -> 8328039 | O35: =SUBTOTAL(9,O36) -> 8405157 | R35: =SUBTOTAL(9,R36) -> 8495221 | U35: =SUBTOTAL(9,U36) -> 8596940 | X35: =SUBTOTAL(9,X36) -> 8188534
A36: 3.1.1 | B36: Suministro, transporte y colocación de concreto de 21 MPa para MURETE. Incluye formaleta en súper T de 19 mm. para acabado a la vista por 3 caras, vibrado, curado y todos los demás elementos necesarios para su correcta construcción. Según diseño. No incluye refuerzo. | C36: m | D36: 16.99 | E36: 510013 | F36: =IFERROR(ROUND(E36*D36,0),"") -> 8665121 | G36: 16.99 | H36: 497262.67 | I36: =IFERROR(ROUND(H36*G36,0),"") -> 8448493 | J36: 16.99 | K36: 490173 | L36: =IFERROR(ROUND(K36*J36,0),"") -> 8328039 | M36: 16.99 | N36: 494712 | O36: =IFERROR(ROUND(N36*M36,0),"") -> 8405157 | P36: 16.99 | Q36: 500013 | R36: =IFERROR(ROUND(Q36*P36,0),"") -> 8495221 | S36: 16.99 | T36: 506000 | U36: =IFERROR(ROUND(T36*S36,0),"") -> 8596940 | V36: 16.99 | W36: 481962 | X36: =IFERROR(ROUND(W36*V36,0),"") -> 8188534
A37: 3.2 | B37: Geotextil | F37: =SUBTOTAL(9,F38) -> 2533664 | H37: 0 | I37: =SUBTOTAL(9,I38) -> 2470322 | L37: =SUBTOTAL(9,L38) -> 2435034 | O37: =SUBTOTAL(9,O38) -> 2406854 | R37: =SUBTOTAL(9,R38) -> 2254400 | U37: =SUBTOTAL(9,U38) -> 2423480 | X37: =SUBTOTAL(9,X38) -> 2392482
A38: 3.2.1 | B38: Instalación de GEOTEXTIL TEJIDO 1700 tipo Pavco o equivalente para muro en tierra armada, muro de contención o actividades similares. Incluye suministro y transporte de los materiales, traslapos, costuras y todos los elementos necesarios para su correcta instalación y funcionamiento. Según diseño. | C38: m2 | D38: 281.8 | E38: 8991 | F38: =IFERROR(ROUND(E38*D38,0),"") -> 2533664 | G38: 281.8 | H38: 8766.225 | I38: =IFERROR(ROUND(H38*G38,0),"") -> 2470322 | J38: 281.8 | K38: 8641 | L38: =IFERROR(ROUND(K38*J38,0),"") -> 2435034 | M38: 281.8 | N38: 8541 | O38: =IFERROR(ROUND(N38*M38,0),"") -> 2406854 | P38: 281.8 | Q38: 8000 | R38: =IFERROR(ROUND(Q38*P38,0),"") -> 2254400 | S38: 281.8 | T38: 8600 | U38: =IFERROR(ROUND(T38*S38,0),"") -> 2423480 | V38: 281.8 | W38: 8490 | X38: =IFERROR(ROUND(W38*V38,0),"") -> 2392482
A39: 3.3 | B39: Cuneta | F39: =SUBTOTAL(9,F40:F40) -> 1138575 | H39: 0 | I39: =SUBTOTAL(9,I40:I40) -> 1110111 | L39: =SUBTOTAL(9,L40:L40) -> 1094280 | O39: =SUBTOTAL(9,O40:O40) -> 1081635 | R39: =SUBTOTAL(9,R40:R40) -> 1108575 | U39: =SUBTOTAL(9,U40:U40) -> 1132500 | X39: =SUBTOTAL(9,X40:X40) -> 1075950
A40: 3.3.1 | B40: Construcción de CUNETA SEMICIRCULAR en concreto de 17.5 MPa., con un DESARROLLO DE 0.55 m. y un ESPESOR DE 0.08 m. Incluye suministro, transporte y colocación del concreto, entresuelo o material granular apto para filtro e=0,20 m. No incluye refuerzo. | C40: m | D40: 15 | E40: 75905 | F40: =IFERROR(ROUND(E40*D40,0),"") -> 1138575 | G40: 15 | H40: 74007.375 | I40: =IFERROR(ROUND(H40*G40,0),"") -> 1110111 | J40: 15 | K40: 72952 | L40: =IFERROR(ROUND(K40*J40,0),"") -> 1094280 | M40: 15 | N40: 72109 | O40: =IFERROR(ROUND(N40*M40,0),"") -> 1081635 | P40: 15 | Q40: 73905 | R40: =IFERROR(ROUND(Q40*P40,0),"") -> 1108575 | S40: 15 | T40: 75500 | U40: =IFERROR(ROUND(T40*S40,0),"") -> 1132500 | V40: 15 | W40: 71730 | X40: =IFERROR(ROUND(W40*V40,0),"") -> 1075950
A41: 4 | B41: RED DE ALCANTARILLADO | F41: =SUBTOTAL(9,F42:F55) -> 6222178 | H41: 0 | I41: =SUBTOTAL(9,I42:I55) -> 6066626 | L41: =SUBTOTAL(9,L42:L55) -> 5980138 | O41: =SUBTOTAL(9,O42:O55) -> 6160878 | R41: =SUBTOTAL(9,R42:R55) -> 5826178 | U41: =SUBTOTAL(9,U42:U55) -> 6002004 | X41: =SUBTOTAL(9,X42:X55) -> 5845990
A42: 4.1 | B42: Tubería | F42: =SUBTOTAL(9,F43:F44) -> 1722600 | H42: 0 | I42: =SUBTOTAL(9,I43:I44) -> 1679536 | L42: =SUBTOTAL(9,L43:L44) -> 1655592 | O42: =SUBTOTAL(9,O43:O44) -> 1663920 | R42: =SUBTOTAL(9,R43:R44) -> 1530600 | U42: =SUBTOTAL(9,U43:U44) -> 1580004 | X42: =SUBTOTAL(9,X43:X44) -> 1602012
A43: 4.1.1 | B43: Suministro, transporte e instalación de TUBERÍA PVC-NOVAFORT, con un DIÁMETRO DE 250 mm. Incluye suministro y transporte de los materiales, bocas, accesorios, acondicionador de superficie y adhesivo Novafort y todos los elementos necesarios para su correcta instalación y funcionamiento. La excavación, encamado, atraques y los llenos se pagarán en su ítem respectivo. | C43: m | D43: 12 | E43: 116535 | F43: =IFERROR(ROUND(E43*D43,0),"") -> 1398420 | G43: 12 | H43: 113621.62 | I43: =IFERROR(ROUND(H43*G43,0),"") -> 1363460 | J43: 12 | K43: 112002 | L43: =IFERROR(ROUND(K43*J43,0),"") -> 1344024 | M43: 12 | N43: 112456 | O43: =IFERROR(ROUND(N43*M43,0),"") -> 1349472 | P43: 12 | Q43: 100535 | R43: =IFERROR(ROUND(Q43*P43,0),"") -> 1206420 | S43: 12 | T43: 106667 | U43: =IFERROR(ROUND(T43*S43,0),"") -> 1280004 | V43: 12 | W43: 108378 | X43: =IFERROR(ROUND(W43*V43,0),"") -> 1300536
A44: 4.1.2 | B44: Televisación de redes de alcantarillado. Incluye el lavado de las redes. | C44: m | D44: 12 | E44: 27015 | F44: =IFERROR(ROUND(E44*D44,0),"") -> 324180 | G44: 12 | H44: 26339.625 | I44: =IFERROR(ROUND(H44*G44,0),"") -> 316076 | J44: 12 | K44: 25964 | L44: =IFERROR(ROUND(K44*J44,0),"") -> 311568 | M44: 12 | N44: 26204 | O44: =IFERROR(ROUND(N44*M44,0),"") -> 314448 | P44: 12 | Q44: 27015 | R44: =IFERROR(ROUND(Q44*P44,0),"") -> 324180 | S44: 12 | T44: 25000 | U44: =IFERROR(ROUND(T44*S44,0),"") -> 300000 | V44: 12 | W44: 25123 | X44: =IFERROR(ROUND(W44*V44,0),"") -> 301476
A45: 4.2 | B45: Cámara de Inspección | F45: =SUBTOTAL(9,F46:F53) -> 4412220 | H45: 0 | I45: =SUBTOTAL(9,I46:I53) -> 4301916 | L45: =SUBTOTAL(9,L46:L53) -> 4240586 | O45: =SUBTOTAL(9,O46:O53) -> 4412220 | R45: =SUBTOTAL(9,R46:R53) -> 4208220 | U45: =SUBTOTAL(9,U46:U53) -> 4335000 | X45: =SUBTOTAL(9,X46:X53) -> 4162298
A46: 4.2.1 | B46: Suministro, transporte e instalación de elementos prefabricados de concreto para la red de alcantarillado. Incluye: cortes, mortero para ajustes, resanes y pega de los elementos, según especificaciones técnicas de diseño y de EEPP de Medellín; transporte interno con equipo y maquinaria (volquetas, retroexcavadora, entre otros); mano de obra y todo lo necesario para su correcta instalación y funcionamiento. Para: | H46: 0
A47: 4.2.1.1 | B47: TAPA PREFABRICADA EN CONCRETO PARA CÁMARA DE INSPECCIÓN. | C47: un | D47: 1 | E47: 194239 | F47: =IFERROR(ROUND(E47*D47,0),"") -> 194239 | G47: 1 | H47: 189383.02 | I47: =IFERROR(ROUND(H47*G47,0),"") -> 189383 | J47: 1 | K47: 186683 | L47: =IFERROR(ROUND(K47*J47,0),"") -> 186683 | M47: 1 | N47: 194239 | O47: =IFERROR(ROUND(N47*M47,0),"") -> 194239 | P47: 1 | Q47: 194239 | R47: =IFERROR(ROUND(Q47*P47,0),"") -> 194239 | S47: 1 | T47: 210000 | U47: =IFERROR(ROUND(T47*S47,0),"") -> 210000 | V47: 1 | W47: 182585 | X47: =IFERROR(ROUND(W47*V47,0),"") -> 182585
A48: 4.2.1.2 | B48: CUELLO PREFABRICADO EN CONCRETO PARA CÁMARA DE INSPECCIÓN Ø=1.20 M. | C48: un | D48: 1 | E48: 436209 | F48: =IFERROR(ROUND(E48*D48,0),"") -> 436209 | G48: 1 | H48: 425303.77 | I48: =IFERROR(ROUND(H48*G48,0),"") -> 425304 | J48: 1 | K48: 419240 | L48: =IFERROR(ROUND(K48*J48,0),"") -> 419240 | M48: 1 | N48: 436209 | O48: =IFERROR(ROUND(N48*M48,0),"") -> 436209 | P48: 1 | Q48: 436209 | R48: =IFERROR(ROUND(Q48*P48,0),"") -> 436209 | S48: 1 | T48: 430000 | U48: =IFERROR(ROUND(T48*S48,0),"") -> 430000 | V48: 1 | W48: 412216 | X48: =IFERROR(ROUND(W48*V48,0),"") -> 412216
A49: 4.2.1.3 | B49: CONO PREFABRICADO EN CONCRETO PARA CÁMARA DE INSPECCIÓN DE Ø=1.20 M. | C49: un | D49: 1 | E49: 575428 | F49: =IFERROR(ROUND(E49*D49,0),"") -> 575428 | G49: 1 | H49: 561042.3 | I49: =IFERROR(ROUND(H49*G49,0),"") -> 561042 | J49: 1 | K49: 553044 | L49: =IFERROR(ROUND(K49*J49,0),"") -> 553044 | M49: 1 | N49: 575428 | O49: =IFERROR(ROUND(N49*M49,0),"") -> 575428 | P49: 1 | Q49: 575428 | R49: =IFERROR(ROUND(Q49*P49,0),"") -> 575428 | S49: 1 | T49: 570000 | U49: =IFERROR(ROUND(T49*S49,0),"") -> 570000 | V49: 1 | W49: 533148 | X49: =IFERROR(ROUND(W49*V49,0),"") -> 533148
A50: 4.2.1.4 | B50: CILINDRO PREFABRICADO EN CONCRETO PARA CÁMARA DE INSPECCIÓN DE Ø=1.20 M. | C50: m | D50: 0.95 | E50: 873171 | F50: =IFERROR(ROUND(E50*D50,0),"") -> 829512 | G50: 0.95 | H50: 851341.72 | I50: =IFERROR(ROUND(H50*G50,0),"") -> 808775 | J50: 0.95 | K50: 839205 | L50: =IFERROR(ROUND(K50*J50,0),"") -> 797245 | M50: 0.95 | N50: 873171 | O50: =IFERROR(ROUND(N50*M50,0),"") -> 829512 | P50: 0.95 | Q50: 873171 | R50: =IFERROR(ROUND(Q50*P50,0),"") -> 829512 | S50: 0.95 | T50: 860000 | U50: =IFERROR(ROUND(T50*S50,0),"") -> 817000 | V50: 0.95 | W50: 836000 | X50: =IFERROR(ROUND(W50*V50,0),"") -> 794200
A51: 4.2.2 | B51: Construcción de mesa con diámetro de 1,60m y 0,20m de espesor y cañuela con un diámetro de 1,20m y 0,20m de espesor para cámara de inspección de diámetro de 1,20 m, la pendiente transversal de la cañuela será el 15% y debe ser en concreto de 21 MPa esmaltada con cemento, según especificaciones técnicas de EEPP de Medellín. Incluye suministro, transporte e instalación de los materiales, todo lo necesario para su correcta construcción. No incluye acero de refuerzo. | C51: un | D51: 1 | E51: 532448 | F51: =IFERROR(ROUND(E51*D51,0),"") -> 532448 | G51: 1 | H51: 519136.8 | I51: =IFERROR(ROUND(H51*G51,0),"") -> 519137 | J51: 1 | K51: 511736 | L51: =IFERROR(ROUND(K51*J51,0),"") -> 511736 | M51: 1 | N51: 532448 | O51: =IFERROR(ROUND(N51*M51,0),"") -> 532448 | P51: 1 | Q51: 532448 | R51: =IFERROR(ROUND(Q51*P51,0),"") -> 532448 | S51: 1 | T51: 530000 | U51: =IFERROR(ROUND(T51*S51,0),"") -> 530000 | V51: 1 | W51: 503167 | X51: =IFERROR(ROUND(W51*V51,0),"") -> 503167
A52: 4.2.3 | B52: Suministro, transporte y colocación de gancho galvanizado para cámara de inspección de cilindro prefabricado, según especificaciones técnicas de EEPP de Medellín. Incluye anclaje con epóxico y todo lo necesario para su correcta instalación. | C52: un | D52: 6 | E52: 66250 | F52: =IFERROR(ROUND(E52*D52,0),"") -> 397500 | G52: 6 | H52: 64593.75 | I52: =IFERROR(ROUND(H52*G52,0),"") -> 387563 | J52: 6 | K52: 63673 | L52: =IFERROR(ROUND(K52*J52,0),"") -> 382038 | M52: 6 | N52: 66250 | O52: =IFERROR(ROUND(N52*M52,0),"") -> 397500 | P52: 6 | Q52: 66250 | R52: =IFERROR(ROUND(Q52*P52,0),"") -> 397500 | S52: 6 | T52: 63000 | U52: =IFERROR(ROUND(T52*S52,0),"") -> 378000 | V52: 6 | W52: 61613 | X52: =IFERROR(ROUND(W52*V52,0),"") -> 369678
A53: 4.2.4 | B53: Perforada y resane de cámara o caja en concreto, para abocada de tubería menor o igual de Ø 400 mm. | C53: un | D53: 4 | E53: 361721 | F53: =IFERROR(ROUND(E53*D53,0),"") -> 1446884 | G53: 4 | H53: 352677.97 | I53: =IFERROR(ROUND(H53*G53,0),"") -> 1410712 | J53: 4 | K53: 347650 | L53: =IFERROR(ROUND(K53*J53,0),"") -> 1390600 | M53: 4 | N53: 361721 | O53: =IFERROR(ROUND(N53*M53,0),"") -> 1446884 | P53: 4 | Q53: 310721 | R53: =IFERROR(ROUND(Q53*P53,0),"") -> 1242884 | S53: 4 | T53: 350000 | U53: =IFERROR(ROUND(T53*S53,0),"") -> 1400000 | V53: 4 | W53: 341826 | X53: =IFERROR(ROUND(W53*V53,0),"") -> 1367304
A54: 4.3 | B54: Anclajes | F54: =SUBTOTAL(9,F55:F55) -> 87358 | H54: 0 | I54: =SUBTOTAL(9,I55:I55) -> 85174 | L54: =SUBTOTAL(9,L55:L55) -> 83960 | O54: =SUBTOTAL(9,O55:O55) -> 84738 | R54: =SUBTOTAL(9,R55:R55) -> 87358 | U54: =SUBTOTAL(9,U55:U55) -> 87000 | X54: =SUBTOTAL(9,X55:X55) -> 81680
A55: 4.3.1 | B55: Construcción de anclajes en concreto de 21 MPa para tubería de acueducto o alcantarillado, incluye el suministro, transporte externo e interno y vaciado de concreto de 21 MPa. Incluye colocación de formaletas, concreto y demás elementos que se requieren para construir estas estructuras. Incluye también la mano de obra, los equipos, herramientas necesarias para la correcta ejecución y funcionamiento de esta actividad. No incluye refuerzo. | C55: m3 | D55: 0.1 | E55: 873583 | F55: =IFERROR(ROUND(E55*D55,0),"") -> 87358 | G55: 0.1 | H55: 851743.42 | I55: =IFERROR(ROUND(H55*G55,0),"") -> 85174 | J55: 0.1 | K55: 839601 | L55: =IFERROR(ROUND(K55*J55,0),"") -> 83960 | M55: 0.1 | N55: 847375 | O55: =IFERROR(ROUND(N55*M55,0),"") -> 84738 | P55: 0.1 | Q55: 873583 | R55: =IFERROR(ROUND(Q55*P55,0),"") -> 87358 | S55: 0.1 | T55: 870000 | U55: =IFERROR(ROUND(T55*S55,0),"") -> 87000 | V55: 0.1 | W55: 816800 | X55: =IFERROR(ROUND(W55*V55,0),"") -> 81680
A56: 5 | B56: ACERO | F56: =SUBTOTAL(9,F57:F58) -> 1918384 | H56: 0 | I56: =SUBTOTAL(9,I57:I58) -> 1870424 | L56: =SUBTOTAL(9,L57:L58) -> 1843634 | O56: =SUBTOTAL(9,O57:O58) -> 1823900 | R56: =SUBTOTAL(9,R57:R58) -> 1918384 | U56: =SUBTOTAL(9,U57:U58) -> 1853800 | X56: =SUBTOTAL(9,X57:X58) -> 1794897
A57: 5.1 | B57: Acero | F57: =SUBTOTAL(9,F58) -> 1918384 | H57: 0 | I57: =SUBTOTAL(9,I58) -> 1870424 | L57: =SUBTOTAL(9,L58) -> 1843634 | O57: =SUBTOTAL(9,O58) -> 1823900 | R57: =SUBTOTAL(9,R58) -> 1918384 | U57: =SUBTOTAL(9,U58) -> 1853800 | X57: =SUBTOTAL(9,X58) -> 1794897
A58: 5.1.1 | B58: Suministro, transporte e instalación de ACERO DE REFUERZO FIGURADO FY= 420 MPa-60000 PSI, corrugado. Incluye transporte con descarga, transporte interno, alambre de amarre, certificados y todos los elementos necesarios para su correcta instalación, según diseño y recomendaciones estructurales. | C58: kg | D58: 299 | E58: 6416 | F58: =IFERROR(ROUND(E58*D58,0),"") -> 1918384 | G58: 299 | H58: 6255.6 | I58: =IFERROR(ROUND(H58*G58,0),"") -> 1870424 | J58: 299 | K58: 6166 | L58: =IFERROR(ROUND(K58*J58,0),"") -> 1843634 | M58: 299 | N58: 6100 | O58: =IFERROR(ROUND(N58*M58,0),"") -> 1823900 | P58: 299 | Q58: 6416 | R58: =IFERROR(ROUND(Q58*P58,0),"") -> 1918384 | S58: 299 | T58: 6200 | U58: =IFERROR(ROUND(T58*S58,0),"") -> 1853800 | V58: 299 | W58: 6003 | X58: =IFERROR(ROUND(W58*V58,0),"") -> 1794897
A59: 6 | B59: PAVIMENTOS | F59: =SUBTOTAL(9,F60:F64) -> 650779 | H59: 0 | I59: =SUBTOTAL(9,I60:I64) -> 634510 | L59: =SUBTOTAL(9,L60:L64) -> 625464 | O59: =SUBTOTAL(9,O60:O64) -> 631255 | R59: =SUBTOTAL(9,R60:R64) -> 650779 | U59: =SUBTOTAL(9,U60:U64) -> 637076 | X59: =SUBTOTAL(9,X60:X64) -> 615042
A60: 6.1 | B60: Base | F60: =SUBTOTAL(9,F61) -> 141764 | H60: 0 | I60: =SUBTOTAL(9,I61) -> 138220 | L60: =SUBTOTAL(9,L61) -> 136250 | O60: =SUBTOTAL(9,O61) -> 137511 | R60: =SUBTOTAL(9,R61) -> 141764 | U60: =SUBTOTAL(9,U61) -> 136500 | X60: =SUBTOTAL(9,X61) -> 133967
A61: 6.1.1 | B61: Suministro, transporte y colocación de BASE GRANULAR de máximo Ø 1½", reacomodado con medios mecánicos y compactado al 100% mínimo del ensayo del proctor modificado, según normas para la construcción de pavimentos del INVIAS, y todo lo necesario para su correcta construcción y funcionamiento. Su medida será tomada en sitio ya compactado. | C61: m3 | D61: 0.65 | E61: 218099 | F61: =IFERROR(ROUND(E61*D61,0),"") -> 141764 | G61: 0.65 | H61: 212646.52 | I61: =IFERROR(ROUND(H61*G61,0),"") -> 138220 | J61: 0.65 | K61: 209615 | L61: =IFERROR(ROUND(K61*J61,0),"") -> 136250 | M61: 0.65 | N61: 211556 | O61: =IFERROR(ROUND(N61*M61,0),"") -> 137511 | P61: 0.65 | Q61: 218099 | R61: =IFERROR(ROUND(Q61*P61,0),"") -> 141764 | S61: 0.65 | T61: 210000 | U61: =IFERROR(ROUND(T61*S61,0),"") -> 136500 | V61: 0.65 | W61: 206103 | X61: =IFERROR(ROUND(W61*V61,0),"") -> 133967
A62: 6.2 | B62: Mezcla Asfáltica | F62: =SUBTOTAL(9,F63:F64) -> 509015 | H62: 0 | I62: =SUBTOTAL(9,I63:I64) -> 496290 | L62: =SUBTOTAL(9,L63:L64) -> 489214 | O62: =SUBTOTAL(9,O63:O64) -> 493744 | R62: =SUBTOTAL(9,R63:R64) -> 509015 | U62: =SUBTOTAL(9,U63:U64) -> 500576 | X62: =SUBTOTAL(9,X63:X64) -> 481075
A63: 6.2.1 | B63: Suministro, transporte y colocación de emulsión asfáltica catiónica de rompimiento lento C.R.L. para imprimación de superficie a pavimentar según normas para la construcción de pavimentos del INVIAS. Incluye todo lo necesario para su correcta construcción y funcionamiento. | C63: m2 | D63: 2.62 | E63: 4852 | F63: =IFERROR(ROUND(E63*D63,0),"") -> 12712 | G63: 2.62 | H63: 4730.7 | I63: =IFERROR(ROUND(H63*G63,0),"") -> 12394 | J63: 2.62 | K63: 4663 | L63: =IFERROR(ROUND(K63*J63,0),"") -> 12217 | M63: 2.62 | N63: 4706 | O63: =IFERROR(ROUND(N63*M63,0),"") -> 12330 | P63: 2.62 | Q63: 4852 | R63: =IFERROR(ROUND(Q63*P63,0),"") -> 12712 | S63: 2.62 | T63: 4800 | U63: =IFERROR(ROUND(T63*S63,0),"") -> 12576 | V63: 2.62 | W63: 4512 | X63: =IFERROR(ROUND(W63*V63,0),"") -> 11821
A64: 6.2.2 | B64: Suministro, transporte y colocación de Mezcla Asfáltica en Caliente MDC-19. Compactada con medios mecánicos según normas para la construcción de pavimentos del INVIAS. Incluye riego de liga y todo lo necesario para su correcta construcción y funcionamiento. La excavación y la base se pagan por su respectivo ítem. | C64: m3 | D64: 0.4 | E64: 1240758 | F64: =IFERROR(ROUND(E64*D64,0),"") -> 496303 | G64: 0.4 | H64: 1209739.1 | I64: =IFERROR(ROUND(H64*G64,0),"") -> 483896 | J64: 0.4 | K64: 1192493 | L64: =IFERROR(ROUND(K64*J64,0),"") -> 476997 | M64: 0.4 | N64: 1203535 | O64: =IFERROR(ROUND(N64*M64,0),"") -> 481414 | P64: 0.4 | Q64: 1240758 | R64: =IFERROR(ROUND(Q64*P64,0),"") -> 496303 | S64: 0.4 | T64: 1220000 | U64: =IFERROR(ROUND(T64*S64,0),"") -> 488000 | V64: 0.4 | W64: 1173136 | X64: =IFERROR(ROUND(W64*V64,0),"") -> 469254
A65: 7 | B65: ZONA VERDE | F65: =SUBTOTAL(9,F66:F67) -> 116474 | H65: 0 | I65: =SUBTOTAL(9,I66:I67) -> 113563 | L65: =SUBTOTAL(9,L66:L67) -> 111946 | O65: =SUBTOTAL(9,O66:O67) -> 112975 | R65: =SUBTOTAL(9,R66:R67) -> 116474 | U65: =SUBTOTAL(9,U66:U67) -> 111600 | X65: =SUBTOTAL(9,X66:X67) -> 108324
A66: 7.1 | B66: Grama | F66: =SUBTOTAL(9,F67) -> 116474 | H66: 0 | I66: =SUBTOTAL(9,I67) -> 113563 | L66: =SUBTOTAL(9,L67) -> 111946 | O66: =SUBTOTAL(9,O67) -> 112975 | R66: =SUBTOTAL(9,R67) -> 116474 | U66: =SUBTOTAL(9,U67) -> 111600 | X66: =SUBTOTAL(9,X67) -> 108324
A67: 7.1.1 | B67: Suministro, transporte y colocación de engramado con cespedones en gramalote | C67: m2 | D67: 7.2 | E67: 16177 | F67: =IFERROR(ROUND(E67*D67,0),"") -> 116474 | G67: 7.2 | H67: 15772.575 | I67: =IFERROR(ROUND(H67*G67,0),"") -> 113563 | J67: 7.2 | K67: 15548 | L67: =IFERROR(ROUND(K67*J67,0),"") -> 111946 | M67: 7.2 | N67: 15691 | O67: =IFERROR(ROUND(N67*M67,0),"") -> 112975 | P67: 7.2 | Q67: 16177 | R67: =IFERROR(ROUND(Q67*P67,0),"") -> 116474 | S67: 7.2 | T67: 15500 | U67: =IFERROR(ROUND(T67*S67,0),"") -> 111600 | V67: 7.2 | W67: 15045 | X67: =IFERROR(ROUND(W67*V67,0),"") -> 108324
B68: TRAMO MURO EN PILAS | F68: =SUBTOTAL(9,F69:F109) -> 278565288 | H68: 0 | I68: =SUBTOTAL(9,I69:I109) -> 2.7111885e+08 | L68: =SUBTOTAL(9,L69:L109) -> 267724380 | O68: =SUBTOTAL(9,O69:O109) -> 267120987 | R68: =SUBTOTAL(9,R69:R109) -> 268303520 | U68: =SUBTOTAL(9,U69:U109) -> 258809227 | X68: =SUBTOTAL(9,X69:X109) -> 257134538
A69: 8 | B69: ACTIVIDADES PRELIMINARES | F69: =SUBTOTAL(9,F70:F73) -> 4091196 | H69: 0 | I69: =SUBTOTAL(9,I70:I73) -> 3988916.3 | L69: =SUBTOTAL(9,L70:L73) -> 3932158 | O69: =SUBTOTAL(9,O70:O73) -> 3960672 | R69: =SUBTOTAL(9,R70:R73) -> 4091196 | U69: =SUBTOTAL(9,U70:U73) -> 3736388 | X69: =SUBTOTAL(9,X70:X73) -> 3710000
A70: 8.1 | B70: Localización y Replanteo | F70: =SUBTOTAL(9,F71:F71) -> 1546808 | H70: 0 | I70: =SUBTOTAL(9,I71:I71) -> 1508138 | L70: =SUBTOTAL(9,L71:L71) -> 1486638 | O70: =SUBTOTAL(9,O71:O71) -> 1492668 | R70: =SUBTOTAL(9,R71:R71) -> 1546808 | U70: =SUBTOTAL(9,U71:U71) -> 1500000 | X70: =SUBTOTAL(9,X71:X71) -> 1400000
A71: 8.1.1 | B71: LOCALIZACIÓN, TRAZADO Y REPLANTEO. Se utilizará personal experto con equipo de precisión. Se hará con la frecuencia que lo indique la interventoría. Incluye demarcación con pintura, línea de trazado, corte de piso, libretas y planos. | C71: día | D71: 2 | E71: 773404 | F71: =IFERROR(ROUND(E71*D71,0),"") -> 1546808 | G71: 2 | H71: 754068.9 | I71: =IFERROR(ROUND(H71*G71,0),"") -> 1508138 | J71: 2 | K71: 743319 | L71: =IFERROR(ROUND(K71*J71,0),"") -> 1486638 | M71: 2 | N71: 746334 | O71: =IFERROR(ROUND(N71*M71,0),"") -> 1492668 | P71: 2 | Q71: 773404 | R71: =IFERROR(ROUND(Q71*P71,0),"") -> 1546808 | S71: 2 | T71: 750000 | U71: =IFERROR(ROUND(T71*S71,0),"") -> 1500000 | V71: 2 | W71: 700000 | X71: =IFERROR(ROUND(W71*V71,0),"") -> 1400000
A72: 8.2 | B72: Desmonte y Limpieza | F72: =SUBTOTAL(9,F73:F73) -> 2544388 | H72: 0 | I72: =SUBTOTAL(9,I73:I73) -> 2480778.3 | L72: =SUBTOTAL(9,L73:L73) -> 2445520 | O72: =SUBTOTAL(9,O73:O73) -> 2468004 | R72: =SUBTOTAL(9,R73:R73) -> 2544388 | U72: =SUBTOTAL(9,U73:U73) -> 2236388 | X72: =SUBTOTAL(9,X73:X73) -> 2310000
A73: 8.2.1 | B73: DESMONTE, DESCAPOTE Y LIMPIEZA a mano, e=0.15m. Incluye cargue, transporte interno y botada de escombros material vegetal. Su medida será en sitio. | C73: m2 | D73: 308 | E73: 8261 | F73: =D73*E73 -> 2544388 | G73: 308 | H73: 8054.475 | I73: =G73*H73 -> 2480778.3 | J73: 308 | K73: 7940 | L73: =J73*K73 -> 2445520 | M73: 308 | N73: 8013 | O73: =M73*N73 -> 2468004 | P73: 308 | Q73: 8261 | R73: =P73*Q73 -> 2544388 | S73: 308 | T73: 7261 | U73: =S73*T73 -> 2236388 | V73: 308 | W73: 7500 | X73: =V73*W73 -> 2310000
A74: 9 | B74: MOVIMIENTOS DE TIERRA | F74: =SUBTOTAL(9,F75:F91) -> 53670736 | H74: 0 | I74: =SUBTOTAL(9,I75:I91) -> 52328967 | L74: =SUBTOTAL(9,L75:L91) -> 51582798 | O74: =SUBTOTAL(9,O75:O91) -> 51835118 | R74: =SUBTOTAL(9,R75:R91) -> 53670736 | U74: =SUBTOTAL(9,U75:U91) -> 53086681 | X74: =SUBTOTAL(9,X75:X91) -> 50604667
A75: 9.1 | B75: Excavaciones | F75: =SUBTOTAL(9,F76:F77) -> 762831 | H75: 0 | I75: =SUBTOTAL(9,I76:I77) -> 743760 | L75: =SUBTOTAL(9,L76:L77) -> 733152 | O75: =SUBTOTAL(9,O76:O77) -> 739922 | R75: =SUBTOTAL(9,R76:R77) -> 762831 | U75: =SUBTOTAL(9,U76:U77) -> 737091 | X75: =SUBTOTAL(9,X76:X77) -> 717065
A76: 9.1.1 | B76: EXCAVACIÓN MECÁNICA Y/O MANUAL de material heterogéneo, bajo cualquier grado de humedad. Incluye: roca descompuesta, bolas de roca de volumen inferior a 0.35 m³., el cargue, transporte interno y botada de material proveniente de las excavaciones en los sitios donde lo indique la interventoría y su medida será en el sitio. No incluye entibado. | H76: 0
A77: 9.1.1.1 | B77: EXCAVACIÓN MECÁNICA y/o MANUAL de material heterogéneo DE 0.00 - 2.00 m | C77: m3 | D77: 25.74 | E77: 29636 | F77: =IFERROR(ROUND(E77*D77,0),"") -> 762831 | G77: 25.74 | H77: 28895.1 | I77: =IFERROR(ROUND(H77*G77,0),"") -> 743760 | J77: 25.74 | K77: 28483 | L77: =IFERROR(ROUND(K77*J77,0),"") -> 733152 | M77: 25.74 | N77: 28746 | O77: =IFERROR(ROUND(N77*M77,0),"") -> 739922 | P77: 25.74 | Q77: 29636 | R77: =IFERROR(ROUND(Q77*P77,0),"") -> 762831 | S77: 25.74 | T77: 28636 | U77: =IFERROR(ROUND(T77*S77,0),"") -> 737091 | V77: 25.74 | W77: 27858 | X77: =IFERROR(ROUND(W77*V77,0),"") -> 717065
A78: 9.2 | B78: Excavaciones Pilas | F78: =SUBTOTAL(9,F79:F83) -> 28967220 | H78: 0 | I78: =SUBTOTAL(9,I79:I83) -> 28243039 | L78: =SUBTOTAL(9,L79:L83) -> 27840396 | O78: =SUBTOTAL(9,O79:O83) -> 27953358 | R78: =SUBTOTAL(9,R79:R83) -> 28967220 | U78: =SUBTOTAL(9,U79:U83) -> 28758000 | X78: =SUBTOTAL(9,X79:X83) -> 27372168
A79: 9.2.1 | B79: EXCAVACIÓN PARA PILAS en material heterogéneo, con piedras de hasta 0.05 m³. Incluye anillos de revestimiento en concreto de 17.5 MPa. con espesor de 15 cm, pozo piloto de bombeo, formaleta en madera común, molinete, motobomba, extracción del material de la pila y acarreo interno de materiales, cargue, transporte y botada del material proveniente de la excavación en botaderos oficiales o donde lo indique la interventoría y todo lo necesario para su correcta construcción. SU MEDIDA SERA EN SITIO. | H79: 0
A80: 9.2.1.1 | B80: EXCAVACIÓN PARA PILAS DE 0,0 a 2,0 m de profundidad con DÍAMETRO EXTERIOR DE 1,50 m. | C80: m | D80: 12 | E80: 633249 | F80: =IFERROR(ROUND(E80*D80,0),"") -> 7598988 | G80: 12 | H80: 617417.78 | I80: =IFERROR(ROUND(H80*G80,0),"") -> 7409013 | J80: 12 | K80: 608616 | L80: =IFERROR(ROUND(K80*J80,0),"") -> 7303392 | M80: 12 | N80: 611085 | O80: =IFERROR(ROUND(N80*M80,0),"") -> 7333020 | P80: 12 | Q80: 633249 | R80: =IFERROR(ROUND(Q80*P80,0),"") -> 7598988 | S80: 12 | T80: 630000 | U80: =IFERROR(ROUND(T80*S80,0),"") -> 7560000 | V80: 12 | W80: 598420 | X80: =IFERROR(ROUND(W80*V80,0),"") -> 7181040
A81: 9.2.1.2 | B81: EXCAVACIÓN PARA PILAS DE 2,0 a 4,0 m de profundidad con DÍAMETRO EXTERIOR DE 1,50 m. | C81: m | D81: 12 | E81: 678276 | F81: =IFERROR(ROUND(E81*D81,0),"") -> 8139312 | G81: 12 | H81: 661319.1 | I81: =IFERROR(ROUND(H81*G81,0),"") -> 7935829 | J81: 12 | K81: 651891 | L81: =IFERROR(ROUND(K81*J81,0),"") -> 7822692 | M81: 12 | N81: 654536 | O81: =IFERROR(ROUND(N81*M81,0),"") -> 7854432 | P81: 12 | Q81: 678276 | R81: =IFERROR(ROUND(Q81*P81,0),"") -> 8139312 | S81: 12 | T81: 670000 | U81: =IFERROR(ROUND(T81*S81,0),"") -> 8040000 | V81: 12 | W81: 640970 | X81: =IFERROR(ROUND(W81*V81,0),"") -> 7691640
A82: 9.2.1.3 | B82: EXCAVACIÓN PARA PILAS DE 4,0 a 6,0 m de profundidad con DÍAMETRO EXTERIOR DE 1,50 m. | C82: m | D82: 12 | E82: 714283 | F82: =IFERROR(ROUND(E82*D82,0),"") -> 8571396 | G82: 12 | H82: 696425.92 | I82: =IFERROR(ROUND(H82*G82,0),"") -> 8357111 | J82: 12 | K82: 686497 | L82: =IFERROR(ROUND(K82*J82,0),"") -> 8237964 | M82: 12 | N82: 689283 | O82: =IFERROR(ROUND(N82*M82,0),"") -> 8271396 | P82: 12 | Q82: 714283 | R82: =IFERROR(ROUND(Q82*P82,0),"") -> 8571396 | S82: 12 | T82: 714000 | U82: =IFERROR(ROUND(T82*S82,0),"") -> 8568000 | V82: 12 | W82: 674997 | X82: =IFERROR(ROUND(W82*V82,0),"") -> 8099964
A83: 9.2.1.4 | B83: EXCAVACIÓN PARA PILAS DE 6,0 a 8,0 m de profundidad con DÍAMETRO EXTERIOR DE 1,50 m. | C83: m | D83: 6 | E83: 776254 | F83: =IFERROR(ROUND(E83*D83,0),"") -> 4657524 | G83: 6 | H83: 756847.65 | I83: =IFERROR(ROUND(H83*G83,0),"") -> 4541086 | J83: 6 | K83: 746058 | L83: =IFERROR(ROUND(K83*J83,0),"") -> 4476348 | M83: 6 | N83: 749085 | O83: =IFERROR(ROUND(N83*M83,0),"") -> 4494510 | P83: 6 | Q83: 776254 | R83: =IFERROR(ROUND(Q83*P83,0),"") -> 4657524 | S83: 6 | T83: 765000 | U83: =IFERROR(ROUND(T83*S83,0),"") -> 4590000 | V83: 6 | W83: 733254 | X83: =IFERROR(ROUND(W83*V83,0),"") -> 4399524
A84: 9.3 | B84: Entibado | F84: =SUBTOTAL(9,F85:F85) -> 1249480 | H84: 0 | I84: =SUBTOTAL(9,I85:I85) -> 1218243 | L84: =SUBTOTAL(9,L85:L85) -> 1200889 | O84: =SUBTOTAL(9,O85:O85) -> 1211959 | R84: =SUBTOTAL(9,R85:R85) -> 1249480 | U84: =SUBTOTAL(9,U85:U85) -> 1042180 | X84: =SUBTOTAL(9,X85:X85) -> 1161999
A85: 9.3.1 | B85: Construcción de ENTIBADO TEMPORAL en tablón de madera (6 usos), bajo cualquier altura y grado de humedad. Incluye suministro, transporte y colocación de elementos en madera, el cargue, transporte interno y externo y botada de material sobrantes en los sitios donde lo indique la interventoría y su medida será en el sitio, su forma de pago se hará por el área que se encuentre en contacto con la tierra. | C85: m2 | D85: 41.46 | E85: 30137 | F85: =IFERROR(ROUND(E85*D85,0),"") -> 1249480 | G85: 41.46 | H85: 29383.575 | I85: =IFERROR(ROUND(H85*G85,0),"") -> 1218243 | J85: 41.46 | K85: 28965 | L85: =IFERROR(ROUND(K85*J85,0),"") -> 1200889 | M85: 41.46 | N85: 29232 | O85: =IFERROR(ROUND(N85*M85,0),"") -> 1211959 | P85: 41.46 | Q85: 30137 | R85: =IFERROR(ROUND(Q85*P85,0),"") -> 1249480 | S85: 41.46 | T85: 25137 | U85: =IFERROR(ROUND(T85*S85,0),"") -> 1042180 | V85: 41.46 | W85: 28027 | X85: =IFERROR(ROUND(W85*V85,0),"") -> 1161999
A86: 9.4 | B86: Llenos | F86: =SUBTOTAL(9,F87:F90) -> 20041540 | H86: 0 | I86: =SUBTOTAL(9,I87:I90) -> 19540502 | L86: =SUBTOTAL(9,L87:L90) -> 19261951 | O86: =SUBTOTAL(9,O87:O90) -> 19359891 | R86: =SUBTOTAL(9,R87:R90) -> 20041540 | U86: =SUBTOTAL(9,U87:U90) -> 19907062 | X86: =SUBTOTAL(9,X87:X90) -> 18872880
A87: 9.4.1 | B87: Lleno y apisonado de zanjas y apiques con material selecto de la excavación, densidad de compactación >=95% de la obtenida en el ensayo del Proctor modificado. Incluye: selección, acarreo interno y la compactación de esta. Y su medida será en sitio ya compactado. | C87: m3 | D87: 11.55 | E87: 47579 | F87: =IFERROR(ROUND(E87*D87,0),"") -> 549537 | G87: 11.55 | H87: 46389.525 | I87: =IFERROR(ROUND(H87*G87,0),"") -> 535799 | J87: 11.55 | K87: 45728 | L87: =IFERROR(ROUND(K87*J87,0),"") -> 528158 | M87: 11.55 | N87: 46151 | O87: =IFERROR(ROUND(N87*M87,0),"") -> 533044 | P87: 11.55 | Q87: 47579 | R87: =IFERROR(ROUND(Q87*P87,0),"") -> 549537 | S87: 11.55 | T87: 47579 | U87: =IFERROR(ROUND(T87*S87,0),"") -> 549537 | V87: 11.55 | W87: 44248 | X87: =IFERROR(ROUND(W87*V87,0),"") -> 511064
A88: 9.4.2 | B88: LLENOS EN ARENILLA, compactados mecánicamente hasta obtener una densidad del 98% de la máxima obtenida en el ensayo del próctor modificado. Incluye: el suministro, transporte, colocación de la arenilla, la compactación de la misma y transporte interno. Y su medida será en sitio ya compactado. | C88: m3 | D88: 84.05 | E88: 191086 | F88: =IFERROR(ROUND(E88*D88,0),"") -> 16060778 | G88: 84.05 | H88: 186308.85 | I88: =IFERROR(ROUND(H88*G88,0),"") -> 15659259 | J88: 84.05 | K88: 183653 | L88: =IFERROR(ROUND(K88*J88,0),"") -> 15436035 | M88: 84.05 | N88: 184397 | O88: =IFERROR(ROUND(N88*M88,0),"") -> 15498568 | P88: 84.05 | Q88: 191086 | R88: =IFERROR(ROUND(Q88*P88,0),"") -> 16060778 | S88: 84.05 | T88: 190000 | U88: =IFERROR(ROUND(T88*S88,0),"") -> 15969500 | V88: 84.05 | W88: 180557 | X88: =IFERROR(ROUND(W88*V88,0),"") -> 15175816
A89: 9.4.3 | B89: Colocación de MATERIAL GRANULAR limpio de 3/4" a 1½" para filtros, camas de triturado, reemplazos de suelo o la aplicación para la cual sea necesario. Incluye el suministro y transporte interno y externo del material y todo lo necesario para su correcta instalación según diseño y especificaciones de la interventoría. Su medida será en sitio. | C89: m3 | D89: 21.6 | E89: 158853 | F89: =IFERROR(ROUND(E89*D89,0),"") -> 3431225 | G89: 21.6 | H89: 154881.67 | I89: =IFERROR(ROUND(H89*G89,0),"") -> 3345444 | J89: 21.6 | K89: 152674 | L89: =IFERROR(ROUND(K89*J89,0),"") -> 3297758 | M89: 21.6 | N89: 154087 | O89: =IFERROR(ROUND(N89*M89,0),"") -> 3328279 | P89: 21.6 | Q89: 158853 | R89: =IFERROR(ROUND(Q89*P89,0),"") -> 3431225 | S89: 21.6 | T89: 156853 | U89: =IFERROR(ROUND(T89*S89,0),"") -> 3388025 | V89: 21.6 | W89: 147500 | X89: =IFERROR(ROUND(W89*V89,0),"") -> 3186000
A90: 9.5 | B90: Transporte | F90: =SUBTOTAL(9,F91:F91) -> 2649665 | H90: 0 | I90: =SUBTOTAL(9,I91:I91) -> 2583423 | L90: =SUBTOTAL(9,L91:L91) -> 2546410 | O90: =SUBTOTAL(9,O91:O91) -> 2569988 | R90: =SUBTOTAL(9,R91:R91) -> 2649665 | U90: =SUBTOTAL(9,U91:U91) -> 2642348 | X90: =SUBTOTAL(9,X91:X91) -> 2480555
A91: 9.5.1 | B91: Cargue, retiro y disposición final de material excedente a sitio autorizado. | C91: m3 - km | D91: 813.03 | E91: 3259 | F91: =IFERROR(ROUND(E91*D91,0),"") -> 2649665 | G91: 813.03 | H91: 3177.525 | I91: =IFERROR(ROUND(H91*G91,0),"") -> 2583423 | J91: 813.03 | K91: 3132 | L91: =IFERROR(ROUND(K91*J91,0),"") -> 2546410 | M91: 813.03 | N91: 3161 | O91: =IFERROR(ROUND(N91*M91,0),"") -> 2569988 | P91: 813.03 | Q91: 3259 | R91: =IFERROR(ROUND(Q91*P91,0),"") -> 2649665 | S91: 813.03 | T91: 3250 | U91: =IFERROR(ROUND(T91*S91,0),"") -> 2642348 | V91: 813.03 | W91: 3051 | X91: =IFERROR(ROUND(W91*V91,0),"") -> 2480555
A92: 10 | B92: ACERO | F92: =SUBTOTAL(9,F93:F94) -> 70980208 | H92: 0 | I92: =SUBTOTAL(9,I93:I94) -> 69205703 | L92: =SUBTOTAL(9,L93:L94) -> 68214458 | O92: =SUBTOTAL(9,O93:O94) -> 67484300 | R92: =SUBTOTAL(9,R93:R94) -> 70980208 | U92: =SUBTOTAL(9,U93:U94) -> 68590600 | X92: =SUBTOTAL(9,X93:X94) -> 66411189
A93: 10.1 | B93: Acero | F93: =SUBTOTAL(9,F94) -> 70980208 | H93: 0 | I93: =SUBTOTAL(9,I94) -> 69205703 | L93: =SUBTOTAL(9,L94) -> 68214458 | O93: =SUBTOTAL(9,O94) -> 67484300 | R93: =SUBTOTAL(9,R94) -> 70980208 | U93: =SUBTOTAL(9,U94) -> 68590600 | X93: =SUBTOTAL(9,X94) -> 66411189
A94: 10.1.1 | B94: Suministro, transporte e instalación de ACERO DE REFUERZO FIGURADO FY= 420 MPa-60000 PSI, corrugado. Incluye transporte con descarga, transporte interno, alambre de amarre, certificados y todos los elementos necesarios para su correcta instalación, según diseño y recomendaciones estructurales. | C94: kg | D94: 11063 | E94: 6416 | F94: =IFERROR(ROUND(E94*D94,0),"") -> 70980208 | G94: 11063 | H94: 6255.6 | I94: =IFERROR(ROUND(H94*G94,0),"") -> 69205703 | J94: 11063 | K94: 6166 | L94: =IFERROR(ROUND(K94*J94,0),"") -> 68214458 | M94: 11063 | N94: 6100 | O94: =IFERROR(ROUND(N94*M94,0),"") -> 67484300 | P94: 11063 | Q94: 6416 | R94: =IFERROR(ROUND(Q94*P94,0),"") -> 70980208 | S94: 11063 | T94: 6200 | U94: =IFERROR(ROUND(T94*S94,0),"") -> 68590600 | V94: 11063 | W94: 6003 | X94: =IFERROR(ROUND(W94*V94,0),"") -> 66411189
A95: 11 | B95: CONCRETOS MURO | F95: =SUBTOTAL(9,F96:F102) -> 88134235 | H95: 0 | I95: =SUBTOTAL(9,I96:I102) -> 85930879 | L95: =SUBTOTAL(9,L96:L102) -> 84705790 | O95: =SUBTOTAL(9,O96:O102) -> 85490010 | R95: =SUBTOTAL(9,R96:R102) -> 81300735 | U95: =SUBTOTAL(9,U96:U102) -> 87731947 | X95: =SUBTOTAL(9,X96:X102) -> 82660582
A96: 11.1 | B96: Concretos | F96: =SUBTOTAL(9,F97:F99) -> 86375531 | H96: 0 | I96: =SUBTOTAL(9,I97:I99) -> 84216143 | L96: =SUBTOTAL(9,L97:L99) -> 83015525 | O96: =SUBTOTAL(9,O97:O99) -> 83784182 | R96: =SUBTOTAL(9,R97:R99) -> 79542031 | U96: =SUBTOTAL(9,U97:U99) -> 86043547 | X96: =SUBTOTAL(9,X97:X99) -> 80998581
A97: 11.1.1 | B97: Colocación de concreto de 14 MPa para SOLADO, con un espesor de 0.05 m. Incluye el suministro y el transporte del concreto y todos los demás elementos necesarios para su correcta construcción, incluye acarreo interno. | C97: m2 | D97: 6.79 | E97: 32096 | F97: =IFERROR(ROUND(E97*D97,0),"") -> 217932 | G97: 6.79 | H97: 31293.6 | I97: =IFERROR(ROUND(H97*G97,0),"") -> 212484 | J97: 6.79 | K97: 30847 | L97: =IFERROR(ROUND(K97*J97,0),"") -> 209451 | M97: 6.79 | N97: 31133 | O97: =IFERROR(ROUND(N97*M97,0),"") -> 211393 | P97: 6.79 | Q97: 32096 | R97: =IFERROR(ROUND(Q97*P97,0),"") -> 217932 | S97: 6.79 | T97: 31096 | U97: =IFERROR(ROUND(T97*S97,0),"") -> 211142 | V97: 6.79 | W97: 30331 | X97: =IFERROR(ROUND(W97*V97,0),"") -> 205947
A98: 11.1.2 | B98: Construcción de PILAS en concreto 21 MPa. Incluye suministro, transporte y colocación del concreto, mano de obra, vibrado, protección, para estructuras de acuerdo con las diferentes dimensiones establecidas en los planos y diseños y todos los demás elementos necesarios para su correcto vaciado, incluye transporte interno. El acero de refuerzo se paga en su ítem correspondiente. | C98: m3 | D98: 59.5 | E98: 745973 | F98: =IFERROR(ROUND(E98*D98,0),"") -> 44385394 | G98: 59.5 | H98: 727323.67 | I98: =IFERROR(ROUND(H98*G98,0),"") -> 43275759 | J98: 59.5 | K98: 716955 | L98: =IFERROR(ROUND(K98*J98,0),"") -> 42658823 | M98: 59.5 | N98: 723593 | O98: =IFERROR(ROUND(N98*M98,0),"") -> 43053784 | P98: 59.5 | Q98: 700973 | R98: =IFERROR(ROUND(Q98*P98,0),"") -> 41707894 | S98: 59.5 | T98: 744000 | U98: =IFERROR(ROUND(T98*S98,0),"") -> 44268000 | V98: 59.5 | W98: 704949 | X98: =IFERROR(ROUND(W98*V98,0),"") -> 41944466
A99: 11.1.3 | B99: Construcción de MURO DE CONTENCIÓN en concreto de 21 MPa. a la vista, con un ESPESOR DE 0.30 m, con una altura de vástago de 4.00 m, zapata en concreto de 21 MPa de 1.20 m x 0.60 m. Incluye suministro, transporte y colocación del concreto adicionado con Plastocrete DM o equivalente según recomendaciones del proveedor, Sikadur 32 Primer para adherencia entre el concreto del vástago y la zapata, formaleta de primera calidad en súper "T" de 19 mm. para acabado a la vista por las dos caras del vástago, aristas biseladas de los bordes a la vista, vibrado, protección y curado para estructuras, y todos los demás elementos necesarios para su correcta construcción, de acuerdo con las diferentes dimensiones establecidas en los planos. El acero de refuerzo se pagará en su respectivo Ítem. | C99: m3 | D99: 41.56 | E99: 1005106 | F99: =IFERROR(ROUND(E99*D99,0),"") -> 41772205 | G99: 41.56 | H99: 979978.35 | I99: =IFERROR(ROUND(H99*G99,0),"") -> 40727900 | J99: 41.56 | K99: 966007 | L99: =IFERROR(ROUND(K99*J99,0),"") -> 40147251 | M99: 41.56 | N99: 974952 | O99: =IFERROR(ROUND(N99*M99,0),"") -> 40519005 | P99: 41.56 | Q99: 905106 | R99: =IFERROR(ROUND(Q99*P99,0),"") -> 37616205 | S99: 41.56 | T99: 1000106 | U99: =IFERROR(ROUND(T99*S99,0),"") -> 41564405 | V99: 41.56 | W99: 934749 | X99: =IFERROR(ROUND(W99*V99,0),"") -> 38848168
A100: 11.2 | B100: Filtros Muro | F100: =SUBTOTAL(9,F101:F102) -> 1758704 | H100: 0 | I100: =SUBTOTAL(9,I101:I102) -> 1714736 | L100: =SUBTOTAL(9,L101:L102) -> 1690265 | O100: =SUBTOTAL(9,O101:O102) -> 1705828 | R100: =SUBTOTAL(9,R101:R102) -> 1758704 | U100: =SUBTOTAL(9,U101:U102) -> 1688400 | X100: =SUBTOTAL(9,X101:X102) -> 1662001
A101: 11.2.1 | B101: Instalación de GEOTEXTIL NT 1600 tipo Pavco para filtro o equivalente. Incluye suministro y transporte de los materiales, traslapos, costuras y todos los elementos necesarios para su correcta instalación y funcionamiento. Según diseño. | C101: m2 | D101: 129.6 | E101: 9404 | F101: =IFERROR(ROUND(E101*D101,0),"") -> 1218758 | G101: 129.6 | H101: 9168.9 | I101: =IFERROR(ROUND(H101*G101,0),"") -> 1188289 | J101: 129.6 | K101: 9038 | L101: =IFERROR(ROUND(K101*J101,0),"") -> 1171325 | M101: 129.6 | N101: 9121 | O101: =IFERROR(ROUND(N101*M101,0),"") -> 1182082 | P101: 129.6 | Q101: 9404 | R101: =IFERROR(ROUND(Q101*P101,0),"") -> 1218758 | S101: 129.6 | T101: 9000 | U101: =IFERROR(ROUND(T101*S101,0),"") -> 1166400 | V101: 129.6 | W101: 8887 | X101: =IFERROR(ROUND(W101*V101,0),"") -> 1151755
A102: 11.2.2 | B102: Instalación de TUBERÍA DE FILTRO PERFORADA DE Ø=4" para drenajes (filtro). Incluye suministro, transporte y colocación de tubería, las respectivas conexiones y accesorios y todo lo necesario para su correcta instalación y funcionamiento. | C102: m | D102: 18 | E102: 29997 | F102: =IFERROR(ROUND(E102*D102,0),"") -> 539946 | G102: 18 | H102: 29247.075 | I102: =IFERROR(ROUND(H102*G102,0),"") -> 526447 | J102: 18 | K102: 28830 | L102: =IFERROR(ROUND(K102*J102,0),"") -> 518940 | M102: 18 | N102: 29097 | O102: =IFERROR(ROUND(N102*M102,0),"") -> 523746 | P102: 18 | Q102: 29997 | R102: =IFERROR(ROUND(Q102*P102,0),"") -> 539946 | S102: 18 | T102: 29000 | U102: =IFERROR(ROUND(T102*S102,0),"") -> 522000 | V102: 18 | W102: 28347 | X102: =IFERROR(ROUND(W102*V102,0),"") -> 510246
A103: 12 | B103: RED DE ALCANTARILLADO | F103: =SUBTOTAL(9,F104:F106) -> 10682565 | H103: 0 | I103: =SUBTOTAL(9,I104:I106) -> 10415501 | L103: =SUBTOTAL(9,L104:L106) -> 10266974 | O103: =SUBTOTAL(9,O104:O106) -> 10350887 | R103: =SUBTOTAL(9,R104:R106) -> 9916725 | U103: =SUBTOTAL(9,U104:U106) -> 10663610 | X103: =SUBTOTAL(9,X104:X106) -> 7884100
A104: 12.1 | B104: Tubería | F104: =SUBTOTAL(9,F105:F106) -> 10682565 | H104: 0 | I104: =SUBTOTAL(9,I105:I106) -> 10415501 | L104: =SUBTOTAL(9,L105:L106) -> 10266974 | O104: =SUBTOTAL(9,O105:O106) -> 10350887 | R104: =SUBTOTAL(9,R105:R106) -> 9916725 | U104: =SUBTOTAL(9,U105:U106) -> 10663610 | X104: =SUBTOTAL(9,X105:X106) -> 7884100
A105: 12.1.1 | B105: Suministro, transporte e instalación de TUBERÍA PVC-NOVAFORT, con un DIÁMETRO DE 250 mm. Incluye suministro y transporte de los materiales, bocas, accesorios, acondicionador de superficie y adhesivo Novafort y todos los elementos necesarios para su correcta instalación y funcionamiento. La excavación, encamado, atraques y los llenos se pagarán en su ítem respectivo. | C105: m | D105: 13.82 | E105: 159531 | F105: =IFERROR(ROUND(E105*D105,0),"") -> 2204718 | G105: 13.82 | H105: 155542.73 | I105: =IFERROR(ROUND(H105*G105,0),"") -> 2149600 | J105: 13.82 | K105: 153325 | L105: =IFERROR(ROUND(K105*J105,0),"") -> 2118952 | M105: 13.82 | N105: 153947 | O105: =IFERROR(ROUND(N105*M105,0),"") -> 2127548 | P105: 13.82 | Q105: 149531 | R105: =IFERROR(ROUND(Q105*P105,0),"") -> 2066518 | S105: 13.82 | T105: 158500 | U105: =IFERROR(ROUND(T105*S105,0),"") -> 2190470 | V105: 13.82 | X105: =IFERROR(ROUND(W105*V105,0),"") -> 0
A106: 12.1.2 | B106: Televisación de redes de alcantarillado. Incluye el lavado de las redes. | C106: m | D106: 313.82 | E106: 27015 | F106: =IFERROR(ROUND(E106*D106,0),"") -> 8477847 | G106: 313.82 | H106: 26339.625 | I106: =IFERROR(ROUND(H106*G106,0),"") -> 8265901 | J106: 313.82 | K106: 25964 | L106: =IFERROR(ROUND(K106*J106,0),"") -> 8148022 | M106: 313.82 | N106: 26204 | O106: =IFERROR(ROUND(N106*M106,0),"") -> 8223339 | P106: 313.82 | Q106: 25015 | R106: =IFERROR(ROUND(Q106*P106,0),"") -> 7850207 | S106: 313.82 | T106: 27000 | U106: =IFERROR(ROUND(T106*S106,0),"") -> 8473140 | V106: 313.82 | W106: 25123 | X106: =IFERROR(ROUND(W106*V106,0),"") -> 7884100
...

Sheet CORRECCIÓN
A6: =+PROPONENTES!A6 -> SECRETARÍA DE GESTIÓN Y CONTROL TERRITORIAL
A8: =PROPONENTES!A8 -> SELECCIÓN ABREVIADA DE MENOR CUANTÍA No. 9015314
A10: =PROPONENTES!A10:C10 -> "Construir obras complementarias del alcantarillado de la centralidad del corregimiento San Sebastián de Palmitas"
B12: PRESUPUESTO OFICIAL | C12: ='Formulario 1'!F117 -> 522182486
B13: A.I.U. PRESUPUESTO OFICIAL | C13: =+'Formulario 1'!F122 -> 0.53
BV14: 0.05
A15: No. | B15: PROPONENTE | C15: FORMULARIO 1 | G15: %DESCUENTO PPTO OFICIAL | H15: CALIFICACIÓN | I15: OBSERVACIONES | BV15: 0.3192
C16: VALOR TOTAL PROPUESTA | D16: VALOR TOTAL CORREGIDO | E16: DIFERENCIA | F16: DESVIACIÓN | BD16: 0.3328
A17: 1 | B17: =LOOKUP(A17,PROPONENTES!A:A,PROPONENTES!B:B) -> C.T. 2 CONSTRUCCIONES S.A.S | C17: =IF(OR(H17="INHABILITADO",H17="RECHAZADA"),"",LOOKUP(A17,'Formulario 1'!$11:$11,'Formulario 1'!$124:$124)) -> 5.09e+08 | D17: =IF(OR(H17="INHABILITADO",H17="RECHAZADA"),"",LOOKUP(A17,'Formulario 1'!$11:$11,'Formulario 1'!$117:$117)) -> 5.09e+08 | E17: =IF(OR(H17="INHABILITADO",H17="RECHAZADA"),"",C17-D17) -> -0.12099999 | F17: =IF(OR(H17="INHABILITADO",H17="RECHAZADA"),"-",ABS(E17/C17)) -> 2.3772101e-10 | G17: =IF(OR(H17="INHABILITADO",H17="RECHAZADA"),"",1-D17/$C$12) -> 0.025244979 | H17: =+LOOKUP(A17,'Formulario 1'!$11:$11,'Formulario 1'!$126:$126) -> VALIDA | Q17: 1.6483721e+08
A18: 2 | B18: =LOOKUP(A18,PROPONENTES!A:A,PROPONENTES!B:B) -> CONSORCIO OBRAS MC (COINAR - CONSULTORES INGENIEROS Y ARQUITECTOS LTDA (70%) y MATMAR CONSTRUCCIONES S.A.S. (30%)) | C18: =IF(OR(H18="INHABILITADO",H18="RECHAZADA"),"",LOOKUP(A18,'Formulario 1'!$11:$11,'Formulario 1'!$124:$124)) -> 502810882 | D18: =IF(OR(H18="INHABILITADO",H18="RECHAZADA"),"",LOOKUP(A18,'Formulario 1'!$11:$11,'Formulario 1'!$117:$117)) -> 502810882 | E18: =IF(OR(H18="INHABILITADO",H18="RECHAZADA"),"",C18-D18) -> 0 | F18: =IF(OR(H18="INHABILITADO",H18="RECHAZADA"),"-",ABS(E18/C18)) -> 0 | G18: =IF(OR(H18="INHABILITADO",H18="RECHAZADA"),"",1-D18/$C$12) -> 0.037097384 | H18: =+LOOKUP(A18,'Formulario 1'!$11:$11,'Formulario 1'!$126:$126) -> VALIDA | Q18: 7795274
A19: 3 | B19: =LOOKUP(A19,PROPONENTES!A:A,PROPONENTES!B:B) -> MEGACONSTRUCCIONES Y EQUIPOS S.A.S | C19: =IF(OR(H19="INHABILITADO",H19="RECHAZADA"),"",LOOKUP(A19,'Formulario 1'!$11:$11,'Formulario 1'!$124:$124)) | D19: =IF(OR(H19="INHABILITADO",H19="RECHAZADA"),"",LOOKUP(A19,'Formulario 1'!$11:$11,'Formulario 1'!$117:$117)) | E19: =IF(OR(H19="INHABILITADO",H19="RECHAZADA"),"",C19-D19) | F19: =IF(OR(H19="INHABILITADO",H19="RECHAZADA"),"-",ABS(E19/C19)) -> - | G19: =IF(OR(H19="INHABILITADO",H19="RECHAZADA"),"",1-D19/$C$12) | H19: =+LOOKUP(A19,'Formulario 1'!$11:$11,'Formulario 1'!$126:$126) -> INHABILITADO | Q19: 14628450
A20: 4 | B20: =LOOKUP(A20,PROPONENTES!A:A,PROPONENTES!B:B) -> EMPRESA ASOCIATIVA DE TRABAJO UNIDOS AL FUTURO | C20: =IF(OR(H20="INHABILITADO",H20="RECHAZADA"),"",LOOKUP(A20,'Formulario 1'!$11:$11,'Formulario 1'!$124:$124)) | D20: =IF(OR(H20="INHABILITADO",H20="RECHAZADA"),"",LOOKUP(A20,'Formulario 1'!$11:$11,'Formulario 1'!$117:$117)) | E20: =IF(OR(H20="INHABILITADO",H20="RECHAZADA"),"",C20-D20) | F20: =IF(OR(H20="INHABILITADO",H20="RECHAZADA"),"-",ABS(E20/C20)) -> - | G20: =IF(OR(H20="INHABILITADO",H20="RECHAZADA"),"",1-D20/$C$12) | H20: =+LOOKUP(A20,'Formulario 1'!$11:$11,'Formulario 1'!$126:$126) -> INHABILITADO | Q20: 1976279
A21: 5 | B21: =LOOKUP(A21,PROPONENTES!A:A,PROPONENTES!B:B) -> DYA INGENIERIA SAS | C21: =IF(OR(H21="INHABILITADO",H21="RECHAZADA"),"",LOOKUP(A21,'Formulario 1'!$11:$11,'Formulario 1'!$124:$124)) | D21: =IF(OR(H21="INHABILITADO",H21="RECHAZADA"),"",LOOKUP(A21,'Formulario 1'!$11:$11,'Formulario 1'!$117:$117)) | E21: =IF(OR(H21="INHABILITADO",H21="RECHAZADA"),"",C21-D21) | F21: =IF(OR(H21="INHABILITADO",H21="RECHAZADA"),"-",ABS(E21/C21)) -> - | G21: =IF(OR(H21="INHABILITADO",H21="RECHAZADA"),"",1-D21/$C$12) | H21: =+LOOKUP(A21,'Formulario 1'!$11:$11,'Formulario 1'!$126:$126) -> RECHAZADA | Q21: 5.0025082e+08
A22: 6 | B22: =LOOKUP(A22,PROPONENTES!A:A,PROPONENTES!B:B) -> ESTORAQUES 20 SAS | C22: =IF(OR(H22="INHABILITADO",H22="RECHAZADA"),"",LOOKUP(A22,'Formulario 1'!$11:$11,'Formulario 1'!$124:$124)) | D22: =IF(OR(H22="INHABILITADO",H22="RECHAZADA"),"",LOOKUP(A22,'Formulario 1'!$11:$11,'Formulario 1'!$117:$117)) | E22: =IF(OR(H22="INHABILITADO",H22="RECHAZADA"),"",C22-D22) | F22: =IF(OR(H22="INHABILITADO",H22="RECHAZADA"),"-",ABS(E22/C22)) -> - | G22: =IF(OR(H22="INHABILITADO",H22="RECHAZADA"),"",1-D22/$C$12) | H22: =+LOOKUP(A22,'Formulario 1'!$11:$11,'Formulario 1'!$126:$126) -> INHABILITADO
Q105: 149531
Q106: 25015
N109: 16000000 | Q109: 16114640
O113: 162459247 | R113: 1.6483721e+08
O114: 7795274 | R114: 7795274
O115: 14628450 | R115: 14628450
O116: 1976279 | R116: 1976279
O119: 0.45 | R119: 0.46
O120: 0.02 | R120: 0.02
O121: 0.05 | R121: 0.05
O124: 499280879 | R124: 5.0025082e+08
BE158: 136799075
BE159: 40725683
BE160: 17174520
BE163: 0.2628
BE164: 0.02
BE165: 0.05
BE168: 4373328392
BW184: 137949891
BW185: 74049068
BW186: 23933588
BW189: 0.2492
BW190: 0.02
BW191: 0.05
BW194: 3728512532
R195: 100916887
R196: 47384013
R197: 19059362
R200: 0.2107
R201: 0.001
R202: 0.069
R205: 3122642464

Sheet RESUMEN
U2: CUMPLE
U3: NO CUMPLE
A6: =+PROPONENTES!A6 -> SECRETARÍA DE GESTIÓN Y CONTROL TERRITORIAL
A8: =PROPONENTES!A8 -> SELECCIÓN ABREVIADA DE MENOR CUANTÍA No. 9015314
A10: =PROPONENTES!A10 -> "Construir obras complementarias del alcantarillado de la centralidad del corregimiento San Sebastián de Palmitas"
B12: PROPONENTE | C12: CONDICIONES TECNICAS | D12: CAPACIDAD JURIDICA | E12: CAPACIDAD FINANCIERA Y ORG. | F12: CALIFICACION | G12: CORRECCIÓN | H12: PUNTAJE | Q12: ORDEN | R12: CALIDAD | S12: OBSERVACIONES
H13: PRECIO | I13: EQUIPO DE TRABAJO | J13: POLITICA DE FOMENTO AL IMPACTO SOCIAL | K13: INDUSTRIA NACIONAL | L13: Empresa de mujeres | M13: Mipyme | N13: Disminución puntaje Obras Inconclusas | O13: Disminución puntaje Multas | P13: TOTAL | W13: EQUIPO DE TRABAJO | X13: POLITICA DE FOMENTO AL IMPACTO SOCIAL | Y13: INDUSTRIA NACIONAL | Z13: Empresa de mujeres | AA13: Mipyme
A14: 1 | B14: =LOOKUP(A14,PROPONENTES!A:A,PROPONENTES!B:B) -> C.T. 2 CONSTRUCCIONES S.A.S | C14: CUMPLE | D14: CUMPLE | E14: CUMPLE | F14: =IF(COUNTIF(C14:F14,"CUMPLE")=3,"HABILITADO","INHABILITADO") -> HABILITADO | G14: =+CORRECCIÓN!H17 -> VALIDA | H14: =IFERROR(LOOKUP(A14,PRECIO!$A$38:$A$44,PRECIO!$D$38:$D$44),"") -> 691.72956 | I14: =IF(AND($F14="HABILITADO",$G14="VALIDA"),W14,"") -> 190 | J14: =IF(AND($F14="HABILITADO",$G14="VALIDA"),X14,"") -> 10 | K14: =IF(AND($F14="HABILITADO",$G14="VALIDA"),Y14,"") -> 100 | L14: =IF(AND($F14="HABILITADO",$G14="VALIDA"),Z14,"") -> 0 | M14: =IF(AND($F14="HABILITADO",$G14="VALIDA"),AA14,"") -> 0 | N14: 0 | O14: 0 | P14: =IF(H14="","",SUM(H14:O14)) -> 991.72956 | Q14: =IF(OR(R14="RECHAZADO",R14="INHABILITADO"),"",COUNTIF($P$14:$P$19,">="&P14)) -> 2 | R14: =IF(P14=MAX($P$14:$P$19),"GANADOR",IF(G14="RECHAZADA","RECHAZADA",IF(F14="HABILITADO","HABILITADO","INHABILITADO"))) -> HABILITADO | W14: 190 | X14: 10 | Y14: 100
A15: 2 | B15: =LOOKUP(A15,PROPONENTES!A:A,PROPONENTES!B:B) -> CONSORCIO OBRAS MC (COINAR - CONSULTORES INGENIEROS Y ARQUITECTOS LTDA (70%) y MATMAR CONSTRUCCIONES S.A.S. (30%)) | C15: CUMPLE | D15: CUMPLE | E15: CUMPLE | F15: =IF(COUNTIF(C15:F15,"CUMPLE")=3,"HABILITADO","INHABILITADO") -> HABILITADO | G15: =+CORRECCIÓN!H18 -> VALIDA | H15: =IFERROR(LOOKUP(A15,PRECIO!$A$38:$A$44,PRECIO!$D$38:$D$44),"") -> 696 | I15: =IF(AND($F15="HABILITADO",$G15="VALIDA"),W15,"") -> 190 | J15: =IF(AND($F15="HABILITADO",$G15="VALIDA"),X15,"") -> 10 | K15: =IF(AND($F15="HABILITADO",$G15="VALIDA"),Y15,"") -> 100 | L15: =IF(AND($F15="HABILITADO",$G15="VALIDA"),Z15,"") -> 0 | M15: =IF(AND($F15="HABILITADO",$G15="VALIDA"),AA15,"") -> 0 | N15: 0 | O15: 0 | P15: =IF(H15="","",SUM(H15:O15)) -> 996 | Q15: =IF(OR(R15="RECHAZADO",R15="INHABILITADO"),"",COUNTIF($P$14:$P$19,">="&P15)) -> 1 | R15: =IF(P15=MAX($P$14:$P$19),"GANADOR",IF(G15="RECHAZADA","RECHAZADA",IF(F15="HABILITADO","HABILITADO","INHABILITADO"))) -> GANADOR | W15: 190 | X15: 10 | Y15: 100
A16: 3 | B16: =LOOKUP(A16,PROPONENTES!A:A,PROPONENTES!B:B) -> MEGACONSTRUCCIONES Y EQUIPOS S.A.S | C16: CUMPLE | D16: NO CUMPLE | E16: CUMPLE | F16: =IF(COUNTIF(C16:F16,"CUMPLE")=3,"HABILITADO","INHABILITADO") -> INHABILITADO | G16: =+CORRECCIÓN!H19 -> INHABILITADO | H16: =IFERROR(LOOKUP(A16,PRECIO!$A$38:$A$44,PRECIO!$D$38:$D$44),"") | I16: =IF(AND($F16="HABILITADO",$G16="VALIDA"),W16,"") | J16: =IF(AND($F16="HABILITADO",$G16="VALIDA"),X16,"") | K16: =IF(AND($F16="HABILITADO",$G16="VALIDA"),Y16,"") | L16: =IF(AND($F16="HABILITADO",$G16="VALIDA"),Z16,"") | M16: =IF(AND($F16="HABILITADO",$G16="VALIDA"),AA16,"") | N16: 0 | O16: 0 | P16: =IF(H16="","",SUM(H16:O16)) | Q16: =IF(OR(R16="RECHAZADO",R16="INHABILITADO"),"",COUNTIF($P$14:$P$19,">="&P16)) | R16: =IF(P16=MAX($P$14:$P$19),"GANADOR",IF(G16="RECHAZADA","RECHAZADA",IF(F16="HABILITADO","HABILITADO","INHABILITADO"))) -> INHABILITADO | W16: 0 | X16: 0 | Y16: 0
A17: 4 | B17: =LOOKUP(A17,PROPONENTES!A:A,PROPONENTES!B:B) -> EMPRESA ASOCIATIVA DE TRABAJO UNIDOS AL FUTURO | C17: CUMPLE | D17: NO CUMPLE | E17: CUMPLE | F17: =IF(COUNTIF(C17:F17,"CUMPLE")=3,"HABILITADO","INHABILITADO") -> INHABILITADO | G17: =+CORRECCIÓN!H20 -> INHABILITADO | H17: =IFERROR(LOOKUP(A17,PRECIO!$A$38:$A$44,PRECIO!$D$38:$D$44),"") | I17: =IF(AND($F17="HABILITADO",$G17="VALIDA"),W17,"") | J17: =IF(AND($F17="HABILITADO",$G17="VALIDA"),X17,"") | K17: =IF(AND($F17="HABILITADO",$G17="VALIDA"),Y17,"") | L17: =IF(AND($F17="HABILITADO",$G17="VALIDA"),Z17,"") | M17: =IF(AND($F17="HABILITADO",$G17="VALIDA"),AA17,"") | N17: 0 | O17: 0 | P17: =IF(H17="","",SUM(H17:O17)) | Q17: =IF(OR(R17="RECHAZADO",R17="INHABILITADO"),"",COUNTIF($P$14:$P$19,">="&P17)) | R17: =IF(P17=MAX($P$14:$P$19),"GANADOR",IF(G17="RECHAZADA","RECHAZADA",IF(F17="HABILITADO","HABILITADO","INHABILITADO"))) -> INHABILITADO | W17: 190 | X17: 10 | Y17: 100
A18: 5 | B18: =LOOKUP(A18,PROPONENTES!A:A,PROPONENTES!B:B) -> DYA INGENIERIA SAS | C18: NO CUMPLE | D18: NO CUMPLE | E18: CUMPLE | F18: =IF(COUNTIF(C18:F18,"CUMPLE")=3,"HABILITADO","INHABILITADO") -> INHABILITADO | G18: =+CORRECCIÓN!H21 -> RECHAZADA | H18: =IFERROR(LOOKUP(A18,PRECIO!$A$38:$A$44,PRECIO!$D$38:$D$44),"") | I18: =IF(AND($F18="HABILITADO",$G18="VALIDA"),W18,"") | J18: =IF(AND($F18="HABILITADO",$G18="VALIDA"),X18,"") | K18: =IF(AND($F18="HABILITADO",$G18="VALIDA"),Y18,"") | L18: =IF(AND($F18="HABILITADO",$G18="VALIDA"),Z18,"") | M18: =IF(AND($F18="HABILITADO",$G18="VALIDA"),AA18,"") | N18: 0 | O18: 0 | P18: =IF(H18="","",SUM(H18:O18)) | Q18: =IF(OR(R18="RECHAZADO",R18="INHABILITADO"),"",COUNTIF($P$14:$P$19,">="&P18)) -> 0 | R18: =IF(P18=MAX($P$14:$P$19),"GANADOR",IF(G18="RECHAZADA","RECHAZADA",IF(F18="HABILITADO","HABILITADO","INHABILITADO"))) -> RECHAZADA | S18: Causal de rechazo 21. Cuando el valor presentado por los proponentes supere el presupuesto oficial por ítems o total, incluso después de realizadas las correcciones aritméticas. El item 4.2.1.1 el proponente lo establece por valor de $210.000 y el valor unitario oficial es $194.239 | W18: 190 | X18: 0 | Y18: 100
A19: 6 | B19: =LOOKUP(A19,PROPONENTES!A:A,PROPONENTES!B:B) -> ESTORAQUES 20 SAS | C19: NO CUMPLE | D19: CUMPLE | E19: NO CUMPLE | F19: =IF(COUNTIF(C19:F19,"CUMPLE")=3,"HABILITADO","INHABILITADO") -> INHABILITADO | G19: =+CORRECCIÓN!H22 -> INHABILITADO | H19: =IFERROR(LOOKUP(A19,PRECIO!$A$38:$A$44,PRECIO!$D$38:$D$44),"") | I19: =IF(AND($F19="HABILITADO",$G19="VALIDA"),W19,"") | J19: =IF(AND($F19="HABILITADO",$G19="VALIDA"),X19,"") | K19: =IF(AND($F19="HABILITADO",$G19="VALIDA"),Y19,"") | L19: =IF(AND($F19="HABILITADO",$G19="VALIDA"),Z19,"") | M19: =IF(AND($F19="HABILITADO",$G19="VALIDA"),AA19,"") | N19: 0 | O19: 0 | P19: =IF(H19="","",SUM(H19:O19)) | Q19: =IF(OR(R19="RECHAZADO",R19="INHABILITADO"),"",COUNTIF($P$14:$P$19,">="&P19)) | R19: =IF(P19=MAX($P$14:$P$19),"GANADOR",IF(G19="RECHAZADA","RECHAZADA",IF(F19="HABILITADO","HABILITADO","INHABILITADO"))) -> INHABILITADO | S19: El valor del AIU debe expresarse en un porcentaje (%) y deberá consignarlo y discriminarlo en la propuesta económica. (pagina 54 del pliego de condiciones) | W19: 190 | X19: 0 | Y19: 100

Sheet PRECIO
A5: SECRETARÍA DE GESTIÓN Y CONTROL TERRITORIAL
A6: =+PROPONENTES!A8 -> SELECCIÓN ABREVIADA DE MENOR CUANTÍA No. 9015314
A8: =+PROPONENTES!A10 -> "Construir obras complementarias del alcantarillado de la centralidad del corregimiento San Sebastián de Palmitas"
A10: PRECIO
B12: PRESUPUESTO OFICIAL (en miles de pesos) | C12: =+'Formulario 1'!F117 -> 522182486
B13: TRM (Agosto 06 de 2024) | C13: 4063.26
A15: N° | B15: PROPUESTA | C15: VALOR CORREGIDO (en pesos)
A16: 1 | B16: =LOOKUP(A16,PROPONENTES!A:A,PROPONENTES!B:B) -> C.T. 2 CONSTRUCCIONES S.A.S | C16: =IF(CORRECCIÓN!H17="VALIDA",CORRECCIÓN!D17,"") -> 5.09e+08
A17: 2 | B17: =LOOKUP(A17,PROPONENTES!A:A,PROPONENTES!B:B) -> CONSORCIO OBRAS MC (COINAR - CONSULTORES INGENIEROS Y ARQUITECTOS LTDA (70%) y MATMAR CONSTRUCCIONES S.A.S. (30%)) | C17: =IF(CORRECCIÓN!H18="VALIDA",CORRECCIÓN!D18,"") -> 502810882
A18: 3 | B18: =LOOKUP(A18,PROPONENTES!A:A,PROPONENTES!B:B) -> MEGACONSTRUCCIONES Y EQUIPOS S.A.S | C18: =IF(CORRECCIÓN!H19="VALIDA",CORRECCIÓN!D19,"")
A19: 4 | B19: =LOOKUP(A19,PROPONENTES!A:A,PROPONENTES!B:B) -> EMPRESA ASOCIATIVA DE TRABAJO UNIDOS AL FUTURO | C19: =IF(CORRECCIÓN!H20="VALIDA",CORRECCIÓN!D20,"")
A20: 5 | B20: =LOOKUP(A20,PROPONENTES!A:A,PROPONENTES!B:B) -> DYA INGENIERIA SAS | C20: =IF(CORRECCIÓN!H21="VALIDA",CORRECCIÓN!D21,"")
A21: 6 | B21: =LOOKUP(A21,PROPONENTES!A:A,PROPONENTES!B:B) -> ESTORAQUES 20 SAS | C21: =IF(CORRECCIÓN!H22="VALIDA",CORRECCIÓN!D22,"")
B24: PROPUESTAS VÁLIDAS [n] | C24: =+COUNT(C16:C21) -> 2
B25: DECIMALES TRM | C25: =+C13-INT(C13) -> 0.26
B26: PUNTAJE MÁXIMO | C26: 696
B27: MÉTODO DE ASIGNACIÓN DE PUNTAJE | C27: MEDIA GEOMÉTRICA
B29: MEDIANA CON VALOR ABSOLUTO | C29: =IF(C27="MEDIANA CON VALOR ABSOLUTO",MEDIAN(C16:C21),"NO APLICA ESTE MÉTODO") -> NO APLICA ESTE MÉTODO
B30: MEDIA GEOMÉTRICA | C30: =IF(C27="MEDIA GEOMÉTRICA",GEOMEAN(C16:C21),"NO APLICA ESTE MÉTODO") -> 5.0589598e+08
B31: MEDIA ARITMÉTICA BAJA | C31: =IF(C27="MEDIA ARITMÉTICA BAJA",((MIN(C16:C21))+AVERAGE(C16:C22))/2,"NO APLICA ESTE MÉTODO") -> NO APLICA ESTE MÉTODO
B32: MENOR VALOR | C32: =IF(C27="MENOR VALOR",MIN(C16:C21),"NO APLICA ESTE MÉTODO") -> NO APLICA ESTE MÉTODO
A34: N° | B34: PROPUESTA MAYOR PUNTAJE | C34: VALOR CORREGIDO | D34: PUNTAJES | E34: % PRESUPUESTO OFICIAL
A35: =INDEX($A$37:$E$44,MATCH((MAX(D38:D44)),$D$37:$D$44,),MATCH("N°",$A$37:$E$37,)) -> 2 | B35: =INDEX($A$37:$E$44,MATCH((MAX(D38:D44)),$D$37:$D$44,),MATCH("PROPUESTA",$A$37:$E$37,)) -> CONSORCIO OBRAS MC (COINAR - CONSULTORES INGENIEROS Y ARQUITECTOS LTDA (70%) y MATMAR CONSTRUCCIONES S.A.S. (30%)) | C35: =INDEX($A$37:$E$44,MATCH((MAX(D38:D44)),$D$37:$D$44,),MATCH("VALOR CORREGIDO",$A$37:$E$37,)) -> 502810882 | D35: =+MAX(D38:D44) -> 696 | E35: =+LOOKUP(D35,D38:$D$44,E38:$E$44) -> 0.96290262
A37: N° | B37: PROPUESTA | C37: VALOR CORREGIDO | D37: PUNTAJES | E37: % PRESUPUESTO OFICIAL
A38: 1 | B38: =B16 -> C.T. 2 CONSTRUCCIONES S.A.S | C38: =+C16 -> 5.09e+08 | D38: =IF(OR(COUNTIF(RESUMEN!C14:E14,"NO CUMPLE")>0,C16=""),"",(IF($C$27="MEDIA ARITMÉTICA BAJA",(IF(C38<=$C$31,($C$26*(1-(($C$31-C38)/$C$31))),($C$26*(1-(((ABS($C$31-C38))/$C$31)))))),IF($C$27="MEDIA GEOMÉTRICA",IF(J38=MIN($J$38:$J$44),$C$26,$C$26*(1-(ABS($C$30-C38)/$C$30))),IF($C$27="MENOR VALOR",(($C$26*$C$32)/C38),IF(ISODD($C$24),($C$26*(1-ABS(($C$29-C38)/$C$29))),($C$26*(1-(ABS((MAX($I$38:$I$44)-C38)/MAX($I$38:$I$44))))))))))) -> 691.72956 | E38: =IF(D38="","",C38/$C$12) -> 0.97475502 | H38: =IFERROR(IF($C$27="mediana con valor absoluto",$C$29-C38),"") -> FALSE | I38: =IF(H38<0,"",C38) -> 5.09e+08 | J38: =IFERROR(ABS(C38-$C$30),"") -> 3104023.8
A39: 2 | B39: =B17 -> CONSORCIO OBRAS MC (COINAR - CONSULTORES INGENIEROS Y ARQUITECTOS LTDA (70%) y MATMAR CONSTRUCCIONES S.A.S. (30%)) | C39: =+C17 -> 502810882 | D39: =IF(OR(COUNTIF(RESUMEN!C15:E15,"NO CUMPLE")>0,C17=""),"",(IF($C$27="MEDIA ARITMÉTICA BAJA",(IF(C39<=$C$31,($C$26*(1-(($C$31-C39)/$C$31))),($C$26*(1-(((ABS($C$31-C39))/$C$31)))))),IF($C$27="MEDIA GEOMÉTRICA",IF(J39=MIN($J$38:$J$44),$C$26,$C$26*(1-(ABS($C$30-C39)/$C$30))),IF($C$27="MENOR VALOR",(($C$26*$C$32)/C39),IF(ISODD($C$24),($C$26*(1-ABS(($C$29-C39)/$C$29))),($C$26*(1-(ABS((MAX($I$38:$I$44)-C39)/MAX($I$38:$I$44))))))))))) -> 696 | E39: =IF(D39="","",C39/$C$12) -> 0.96290262 | H39: =IFERROR(IF($C$27="mediana con valor absoluto",$C$29-C39),"") -> FALSE | I39: =IF(H39<0,"",C39) -> 502810882 | J39: =IFERROR(ABS(C39-$C$30),"") -> 3085094.5
A40: 3 | B40: =B18 -> MEGACONSTRUCCIONES Y EQUIPOS S.A.S | C40: =+C18 | D40: =IF(OR(COUNTIF(RESUMEN!C16:E16,"NO CUMPLE")>0,C18=""),"",(IF($C$27="MEDIA ARITMÉTICA BAJA",(IF(C40<=$C$31,($C$26*(1-(($C$31-C40)/$C$31))),($C$26*(1-(((ABS($C$31-C40))/$C$31)))))),IF($C$27="MEDIA GEOMÉTRICA",IF(J40=MIN($J$38:$J$44),$C$26,$C$26*(1-(ABS($C$30-C40)/$C$30))),IF($C$27="MENOR VALOR",(($C$26*$C$32)/C40),IF(ISODD($C$24),($C$26*(1-ABS(($C$29-C40)/$C$29))),($C$26*(1-(ABS((MAX($I$38:$I$44)-C40)/MAX($I$38:$I$44))))))))))) | E40: =IF(D40="","",C40/$C$12) | H40: =IFERROR(IF($C$27="mediana con valor absoluto",$C$29-C40),"") -> FALSE | I40: =IF(H40<0,"",C40) | J40: =IFERROR(ABS(C40-$C$30),"")
A41: 4 | B41: =B19 -> EMPRESA ASOCIATIVA DE TRABAJO UNIDOS AL FUTURO | C41: =+C19 | D41: =IF(OR(COUNTIF(RESUMEN!C17:E17,"NO CUMPLE")>0,C19=""),"",(IF($C$27="MEDIA ARITMÉTICA BAJA",(IF(C41<=$C$31,($C$26*(1-(($C$31-C41)/$C$31))),($C$26*(1-(((ABS($C$31-C41))/$C$31)))))),IF($C$27="MEDIA GEOMÉTRICA",IF(J41=MIN($J$38:$J$44),$C$26,$C$26*(1-(ABS($C$30-C41)/$C$30))),IF($C$27="MENOR VALOR",(($C$26*$C$32)/C41),IF(ISODD($C$24),($C$26*(1-ABS(($C$29-C41)/$C$29))),($C$26*(1-(ABS((MAX($I$38:$I$44)-C41)/MAX($I$38:$I$44))))))))))) | E41: =IF(D41="","",C41/$C$12) | H41: =IFERROR(IF($C$27="mediana con valor absoluto",$C$29-C41),"") -> FALSE | I41: =IF(H41<0,"",C41) | J41: =IFERROR(ABS(C41-$C$30),"")
A42: 5 | B42: =B20 -> DYA INGENIERIA SAS | C42: =+C20 | D42: =IF(OR(COUNTIF(RESUMEN!C18:E18,"NO CUMPLE")>0,C20=""),"",(IF($C$27="MEDIA ARITMÉTICA BAJA",(IF(C42<=$C$31,($C$26*(1-(($C$31-C42)/$C$31))),($C$26*(1-(((ABS($C$31-C42))/$C$31)))))),IF($C$27="MEDIA GEOMÉTRICA",IF(J42=MIN($J$38:$J$44),$C$26,$C$26*(1-(ABS($C$30-C42)/$C$30))),IF($C$27="MENOR VALOR",(($C$26*$C$32)/C42),IF(ISODD($C$24),($C$26*(1-ABS(($C$29-C42)/$C$29))),($C$26*(1-(ABS((MAX($I$38:$I$44)-C42)/MAX($I$38:$I$44))))))))))) | E42: =IF(D42="","",C42/$C$12) | H42: =IFERROR(IF($C$27="mediana con valor absoluto",$C$29-C42),"") -> FALSE | I42: =IF(H42<0,"",C42) | J42: =IFERROR(ABS(C42-$C$30),"")
A43: 6 | B43: =B21 -> ESTORAQUES 20 SAS | C43: =+C21 | D43: =IF(OR(COUNTIF(RESUMEN!C19:E19,"NO CUMPLE")>0,C21=""),"",(IF($C$27="MEDIA ARITMÉTICA BAJA",(IF(C43<=$C$31,($C$26*(1-(($C$31-C43)/$C$31))),($C$26*(1-(((ABS($C$31-C43))/$C$31)))))),IF($C$27="MEDIA GEOMÉTRICA",IF(J43=MIN($J$38:$J$44),$C$26,$C$26*(1-(ABS($C$30-C43)/$C$30))),IF($C$27="MENOR VALOR",(($C$26*$C$32)/C43),IF(ISODD($C$24),($C$26*(1-ABS(($C$29-C43)/$C$29))),($C$26*(1-(ABS((MAX($I$38:$I$44)-C43)/MAX($I$38:$I$44))))))))))) | E43: =IF(D43="","",C43/$C$12) | H43: =IFERROR(IF($C$27="mediana con valor absoluto",$C$29-C43),"") -> FALSE | I43: =IF(H43<0,"",C43) | J43: =IFERROR(ABS(C43-$C$30),"")

Sheet ORDEN
A6: =+PROPONENTES!A6 -> SECRETARÍA DE GESTIÓN Y CONTROL TERRITORIAL
A7: =PROPONENTES!A8:C8 -> SELECCIÓN ABREVIADA DE MENOR CUANTÍA No. 9015314
A9: =PROPONENTES!A10:C10 -> "Construir obras complementarias del alcantarillado de la centralidad del corregimiento San Sebastián de Palmitas"
A11: ORDEN DE ELEGIBILIDAD
B13: Orden | C13: Numero | D13: Proponente | E13: Puntaje Total
B14: =LOOKUP(C14,RESUMEN!A:A,RESUMEN!Q:Q) -> 0 | C14: 5 | D14: =LOOKUP(C14,PROPONENTES!A:A,PROPONENTES!B:B) -> DYA INGENIERIA SAS | E14: =LOOKUP(C14,RESUMEN!A:A,RESUMEN!P:P)
B15: =LOOKUP(C15,RESUMEN!A:A,RESUMEN!Q:Q) | C15: 10 | D15: =LOOKUP(C15,PROPONENTES!A:A,PROPONENTES!B:B) -> ESTORAQUES 20 SAS | E15: =LOOKUP(C15,RESUMEN!A:A,RESUMEN!P:P)
B16: =LOOKUP(C16,RESUMEN!A:A,RESUMEN!Q:Q) -> 0 | C16: 5 | D16: =LOOKUP(C16,PROPONENTES!A:A,PROPONENTES!B:B) -> DYA INGENIERIA SAS | E16: =LOOKUP(C16,RESUMEN!A:A,RESUMEN!P:P)
B17: =LOOKUP(C17,RESUMEN!A:A,RESUMEN!Q:Q) -> 1 | C17: 2 | D17: =LOOKUP(C17,PROPONENTES!A:A,PROPONENTES!B:B) -> CONSORCIO OBRAS MC (COINAR - CONSULTORES INGENIEROS Y ARQUITECTOS LTDA (70%) y MATMAR CONSTRUCCIONES S.A.S. (30%)) | E17: =LOOKUP(C17,RESUMEN!A:A,RESUMEN!P:P) -> 996
B18: =LOOKUP(C18,RESUMEN!A:A,RESUMEN!Q:Q) -> 2 | C18: 1 | D18: =LOOKUP(C18,PROPONENTES!A:A,PROPONENTES!B:B) -> C.T. 2 CONSTRUCCIONES S.A.S | E18: =LOOKUP(C18,RESUMEN!A:A,RESUMEN!P:P) -> 991.72956
B19: =LOOKUP(C19,RESUMEN!A:A,RESUMEN!Q:Q) | C19: 3 | D19: =LOOKUP(C19,PROPONENTES!A:A,PROPONENTES!B:B) -> MEGACONSTRUCCIONES Y EQUIPOS S.A.S | E19: =LOOKUP(C19,RESUMEN!A:A,RESUMEN!P:P)
B20: =LOOKUP(C20,RESUMEN!A:A,RESUMEN!Q:Q) | C20: 4 | D20: =LOOKUP(C20,PROPONENTES!A:A,PROPONENTES!B:B) -> EMPRESA ASOCIATIVA DE TRABAJO UNIDOS AL FUTURO | E20: =LOOKUP(C20,RESUMEN!A:A,RESUMEN!P:P)
B21: =LOOKUP(C21,RESUMEN!A:A,RESUMEN!Q:Q) | C21: 6 | D21: =LOOKUP(C21,PROPONENTES!A:A,PROPONENTES!B:B) -> ESTORAQUES 20 SAS | E21: =LOOKUP(C21,RESUMEN!A:A,RESUMEN!P:P)
